Workbook

Sheet CosteoIndividual
G4: Proyección Resolución CIRCULAR EXTERNA N° 20251300000115CS
B5: ITEM | C5: PRODUCTO O SERVICIO | D5: ESPECIFICACION TECNICA | E5: UNIDAD DE MEDIDA A COTIZAR | F5: CANTIDAD A COTIZAR | G5: Cotización 1 VALOR UNITARIO (INCLUIDO IVA SI APLICA) | H5: Cotización 2 VALOR UNITARIO (INCLUIDO IVA SI APLICA) | I5: Cotización 3 VALOR UNITARIO (INCLUIDO IVA SI APLICA) | J5: Cotización 4 VALOR UNITARIO (INCLUIDO IVA SI APLICA) | K5: VALOR UNITARIO PROMEDIO O MEDIANA (INCLUIDO IVA SI APLICA) | L5: VALOR PROMEDIO O MEDIANA TOTAL (INCLUIDO IVA SI APLICA) | M5: FUENTE DE CONSULTA | N5: DESVIACIÓN ESTÁNDAR | O5: SI DESVEST ES >15% SE PROMEDIA CON MEDIANA | Q5: Cotizaciones Elemento | R5: Probabilidad de ahorro
B6: 1 | C6: Talento humano | D6: Servicio humano SIN ARMA (24 horas del día de Lunes a Domingo) - Mes de servicio (Incluye Impuestos, Seguros, AIU) | E6: Mes | F6: 1 | G6: =+#REF! -> #REF! | K6: =IFERROR(IF(O6>(0.15),ROUND(MEDIAN(G6:J6),0),ROUND(AVERAGE(G6:J6),0)),"") | L6: =IFERROR(K6*F6,"") | N6: =IFERROR(STDEV(G6:J6),"") | O6: =IFERROR(N6/AVERAGE(G6:J6),"") | Q6: 3 | R6: =1-(MIN(G6:J6)/K6) -> #REF!
B7: 2 | C7: Talento humano | D7: Servicio humano CON ARMA (24 horas del día de Lunes a Domingo) - Mes de servicio (Incluye Impuestos, Seguros, AIU) | E7: Mes | F7: 1 | G7: =+#REF! -> #REF! | K7: =IFERROR(IF(O7>(0.15),ROUND(MEDIAN(G7:J7),0),ROUND(AVERAGE(G7:J7),0)),"") | L7: =IFERROR(K7*F7,"") | N7: =IFERROR(STDEV(G7:J7),"") | O7: =IFERROR(N7/AVERAGE(G7:J7),"") | Q7: 3 | R7: =1-(MIN(G7:J7)/K7) -> #REF!
B8: 3 | C8: Talento humano | D8: Servicio humano CON CANINO (24 horas del día de Lunes a Domingo) - Mes de servicio (Incluye Impuestos, Seguros, AIU) | E8: Mes | F8: 1 | G8: =+#REF! -> #REF! | K8: =IFERROR(IF(O8>(0.15),ROUND(MEDIAN(G8:J8),0),ROUND(AVERAGE(G8:J8),0)),"") | L8: =IFERROR(K8*F8,"") | N8: =IFERROR(STDEV(G8:J8),"") | O8: =IFERROR(N8/AVERAGE(G8:J8),"") | Q8: 3 | R8: =1-(MIN(G8:J8)/K8) -> #REF!
B9: =+B8+1 -> 4 | C9: Talento humano | D9: Servicio humano sin arma (12 horas diarias de lunes a viernes sin festivos) | E9: Mes | F9: 1 | G9: =+#REF! -> #REF! | K9: =IFERROR(IF(O9>(0.15),ROUND(MEDIAN(G9:J9),0),ROUND(AVERAGE(G9:J9),0)),"") | L9: =IFERROR(K9*F9,"") | N9: =IFERROR(STDEV(G9:J9),"") | O9: =IFERROR(N9/AVERAGE(G9:J9),"") | Q9: 3 | R9: =1-(MIN(G9:J9)/K9) -> #REF!
B10: =+B9+1 -> 5 | C10: Talento humano | D10: Servicio humano sin arma (12 horas diarias de lunes a sábado sin festivos) | E10: Mes | F10: 1 | G10: =+#REF! -> #REF! | K10: =IFERROR(IF(O10>(0.15),ROUND(MEDIAN(G10:J10),0),ROUND(AVERAGE(G10:J10),0)),"") | L10: =IFERROR(K10*F10,"") | N10: =IFERROR(STDEV(G10:J10),"") | O10: =IFERROR(N10/AVERAGE(G10:J10),"") | Q10: 3 | R10: =1-(MIN(G10:J10)/K10) -> #REF!
B11: =+B10+1 -> 6 | C11: Servicio Alquiler | D11: CCTV compuesto por 140 cámaras Tipo domo IP - Precio Alquiler Por Mes | E11: Mes | F11: 1 | N11: =IFERROR(STDEV(G11),"") | O11: =IFERROR(N11/AVERAGE(G11:J11),"") | Q11: 3 | R11: =1-(MIN(G11:J11)/K11) -> #DIV/0!
B12: =+B11+1 -> 7 | C12: Servicio Alquiler | D12: Brazos para soporte de cámaras - Precio Alquiler Por Mes | E12: Mes | F12: 1 | G12: 0 | H12: 0 | I12: 0 | J12: 0 | K12: =IFERROR(IF(O12>(0.15),ROUND(MEDIAN(G12:J12),0),ROUND(AVERAGE(G12:J12),0)),"") -> 0 | L12: =IFERROR(K12*F12,"") -> 0 | N12: =IFERROR(STDEV(G12:J12),"") -> 0 | O12: =IFERROR(N12/AVERAGE(G12:J12),"") | Q12: 3 | R12: =1-(MIN(G12:J12)/K12) -> #DIV/0!
B13: =+B12+1 -> 8 | C13: Servicio Alquiler | D13: Alquiler RACK para Instalación de los equipos de grabación - Precio Alquiler Por Mes | E13: Mes | F13: 1 | G13: 8000 | H13: 5000 | I13: 6000 | J13: 7000 | K13: =IFERROR(IF(O13>(0.15),ROUND(MEDIAN(G13:J13),0),ROUND(AVERAGE(G13:J13),0)),"") -> 6500 | L13: =IFERROR(K13*F13,"") -> 6500 | N13: =IFERROR(STDEV(G13:J13),"") -> 1290.9944 | O13: =IFERROR(N13/AVERAGE(G13:J13),"") -> 0.19861453 | Q13: 3 | R13: =1-(MIN(G13:J13)/K13) -> 0.23076923
B14: =+B13+1 -> 9 | C14: Servicio Alquiler | D14: Alquiler RACK para Instalación de los equipos de grabación - Precio Alquiler Por Mes | E14: Mes | F14: 1 | G14: 8000 | H14: 5000 | I14: 6000 | J14: 7000 | K14: =IFERROR(IF(O14>(0.15),ROUND(MEDIAN(G14:J14),0),ROUND(AVERAGE(G14:J14),0)),"") -> 6500 | L14: =IFERROR(K14*F14,"") -> 6500 | N14: =IFERROR(STDEV(G14:J14),"") -> 1290.9944 | O14: =IFERROR(N14/AVERAGE(G14:J14),"") -> 0.19861453 | Q14: 3 | R14: =1-(MIN(G14:J14)/K14) -> 0.23076923
B15: =+B14+1 -> 10 | C15: Servicio Alquiler | D15: Monitores LED de 50” - Precio Alquiler Por Mes | E15: Mes | F15: 1 | G15: 8000 | H15: 5000 | I15: 6000 | J15: 7000 | K15: =IFERROR(IF(O15>(0.15),ROUND(MEDIAN(G15:J15),0),ROUND(AVERAGE(G15:J15),0)),"") -> 6500 | L15: =IFERROR(K15*F15,"") -> 6500 | N15: =IFERROR(STDEV(G15:J15),"") -> 1290.9944 | O15: =IFERROR(N15/AVERAGE(G15:J15),"") -> 0.19861453 | Q15: 3 | R15: =1-(MIN(G15:J15)/K15) -> 0.23076923
B16: =+B15+1 -> 11 | C16: Servicio Alquiler | D16: Kit´s de alarma - Precio Alquiler Por Mes | E16: Mes | F16: 1 | G16: 8000 | H16: 5000 | I16: 6000 | J16: 7000 | K16: =IFERROR(IF(O16>(0.15),ROUND(MEDIAN(G16:J16),0),ROUND(AVERAGE(G16:J16),0)),"") -> 6500 | L16: =IFERROR(K16*F16,"") -> 6500 | N16: =IFERROR(STDEV(G16:J16),"") -> 1290.9944 | O16: =IFERROR(N16/AVERAGE(G16:J16),"") -> 0.19861453 | Q16: 3 | R16: =1-(MIN(G16:J16)/K16) -> 0.23076923
B17: =+B16+1 -> 12 | C17: Servicio Alquiler | D17: Computadores de escritorio - Precio Alquiler Por Mes | E17: Mes | F17: 1 | G17: 8000 | H17: 5000 | I17: 6000 | J17: 7000 | K17: =IFERROR(IF(O17>(0.15),ROUND(MEDIAN(G17:J17),0),ROUND(AVERAGE(G17:J17),0)),"") -> 6500 | L17: =IFERROR(K17*F17,"") -> 6500 | N17: =IFERROR(STDEV(G17:J17),"") -> 1290.9944 | O17: =IFERROR(N17/AVERAGE(G17:J17),"") -> 0.19861453 | Q17: 3 | R17: =1-(MIN(G17:J17)/K17) -> 0.23076923
B18: =+B17+1 -> 13 | C18: Servicio Alquiler | D18: Impresoras térmicas para stikers - Precio Alquiler Por Mes | E18: Mes | F18: 1 | G18: 8000 | H18: 5000 | I18: 6000 | J18: 7000 | K18: =IFERROR(IF(O18>(0.15),ROUND(MEDIAN(G18:J18),0),ROUND(AVERAGE(G18:J18),0)),"") -> 6500 | L18: =IFERROR(K18*F18,"") -> 6500 | N18: =IFERROR(STDEV(G18:J18),"") -> 1290.9944 | O18: =IFERROR(N18/AVERAGE(G18:J18),"") -> 0.19861453 | Q18: 3 | R18: =1-(MIN(G18:J18)/K18) -> 0.23076923
B19: =+B18+1 -> 14 | C19: Servicio Alquiler | D19: Lector de registro de cedula - Precio Alquiler Por Mes | E19: Mes | F19: 1 | G19: 8000 | H19: 5000 | I19: 6000 | J19: 7000 | K19: =IFERROR(IF(O19>(0.15),ROUND(MEDIAN(G19:J19),0),ROUND(AVERAGE(G19:J19),0)),"") -> 6500 | L19: =IFERROR(K19*F19,"") -> 6500 | N19: =IFERROR(STDEV(G19:J19),"") -> 1290.9944 | O19: =IFERROR(N19/AVERAGE(G19:J19),"") -> 0.19861453 | Q19: 3 | R19: =1-(MIN(G19:J19)/K19) -> 0.23076923
B20: =+B19+1 -> 15 | C20: Servicio Alquiler | D20: Equipo biométrico - Precio Alquiler Por Mes | E20: Mes | F20: 1 | G20: 8000 | H20: 5000 | I20: 6000 | J20: 7000 | K20: =IFERROR(IF(O20>(0.15),ROUND(MEDIAN(G20:J20),0),ROUND(AVERAGE(G20:J20),0)),"") -> 6500 | L20: =IFERROR(K20*F20,"") -> 6500 | N20: =IFERROR(STDEV(G20:J20),"") -> 1290.9944 | O20: =IFERROR(N20/AVERAGE(G20:J20),"") -> 0.19861453 | Q20: 3 | R20: =1-(MIN(G20:J20)/K20) -> 0.23076923
B21: =+B20+1 -> 16 | C21: Servicio Alquiler | D21: Baños portátiles con sistema flushing con bomba de piso - Precio Alquiler Por Mes | E21: Mes | F21: 1 | G21: 8000 | H21: 5000 | I21: 6000 | J21: 7000 | K21: =IFERROR(IF(O21>(0.15),ROUND(MEDIAN(G21:J21),0),ROUND(AVERAGE(G21:J21),0)),"") -> 6500 | L21: =IFERROR(K21*F21,"") -> 6500 | N21: =IFERROR(STDEV(G21:J21),"") -> 1290.9944 | O21: =IFERROR(N21/AVERAGE(G21:J21),"") -> 0.19861453 | Q21: 3 | R21: =1-(MIN(G21:J21)/K21) -> 0.23076923
F22: Unitario | G22: =SUMPRODUCT($F$6:$F$21,G6:G21) -> #REF! | H22: =SUMPRODUCT($F$6:$F$21,H6:H21) -> 45000 | I22: =SUMPRODUCT($F$6:$F$21,I6:I21) -> 54000 | J22: =SUMPRODUCT($F$6:$F$21,J6:J21) -> 63000 | K22: =SUMPRODUCT($F$6:$F$21,K6:K21) -> 58500 | L22: =SUMPRODUCT($F$6:$F$21,L6:L21) -> 58500

Sheet Proyección_Bolsa
B3: PROYECCIÓN COSTOS
B4: VALORES UNITARIOS
B5: ITEM | C5: PRODUCTO O SERVICIO | D5: ESPECIFICACION TECNICA | E5: UNIDAD DE MEDIDA A COTIZAR | F5: CANTIDAD A COTIZAR | G5: VALOR UNITARIO ANTES DE IVA | H5: VALOR UNITARIO ANTES DE IVA
B6: 1 | C6: CCTV | D6: CCTV compuesto por 140 cámaras Tipo domo IP - Precio Alquiler Por Mes | E6: Mes | F6: 1 | G6: =+CosteoIndividual!L11 -> 0 | H6: =+F6*G6 -> 0
B7: =+B6+1 -> 2 | C7: Brazo soporte | D7: Brazos para soporte de cámaras - Precio Alquiler Por Mes | E7: Mes | F7: 2 | G7: =+CosteoIndividual!L12 -> 0 | H7: =+F7*G7 -> 0
B8: =+B7+1 -> 3 | C8: RACK | D8: Alquiler RACK para Instalación de los equipos de grabación - Precio Alquiler Por Mes | E8: Mes | F8: 6 | G8: =+CosteoIndividual!L13 -> 6500 | H8: =+F8*G8 -> 39000
B9: 4 | C9: RACK | D9: Alquiler RACK para Instalación de los equipos de grabación - Precio Alquiler Por Mes | E9: Mes | F9: 4 | G9: =+CosteoIndividual!L14 -> 6500 | H9: =+F9*G9 -> 26000
B10: =+B9+1 -> 5 | C10: MONITORES | D10: Monitores LED de 50” - Precio Alquiler Por Mes | E10: Mes | F10: 6 | G10: =+CosteoIndividual!L15 -> 6500 | H10: =+F10*G10 -> 39000
B11: =+B10+1 -> 6 | C11: ALARMA | D11: Kit´s de alarma - Precio Alquiler Por Mes | E11: Mes | F11: 1 | G11: =+CosteoIndividual!L16 -> 6500 | H11: =+F11*G11 -> 6500
B12: =+B11+1 -> 7 | C12: COMPUTADOR | D12: Computadores de escritorio - Precio Alquiler Por Mes | E12: Mes | F12: 2 | G12: =+CosteoIndividual!L17 -> 6500 | H12: =+F12*G12 -> 13000
B13: =+B12+1 -> 8 | C13: IMPRESORA | D13: Impresoras térmicas para stikers - Precio Alquiler Por Mes | E13: Mes | F13: 2 | G13: =+CosteoIndividual!L18 -> 6500 | H13: =+F13*G13 -> 13000
B14: =+B13+1 -> 9 | C14: LECTOR | D14: Lector de registro de cedula - Precio Alquiler Por Mes | E14: Mes | F14: 2 | G14: =+CosteoIndividual!L19 -> 6500 | H14: =+F14*G14 -> 13000
B15: =+B14+1 -> 10 | C15: BIOMETRICO | D15: Equipo biométrico - Precio Alquiler Por Mes | E15: Mes | F15: 2 | G15: =+CosteoIndividual!L20 -> 6500 | H15: =+F15*G15 -> 13000
B16: =+B15+1 -> 11 | C16: BAÑOS | D16: Baños portátiles con sistema flushing con bomba de piso - Precio Alquiler Por Mes | E16: Mes | F16: 3 | G16: =+CosteoIndividual!L21 -> 6500 | H16: =+F16*G16 -> 19500
G17: =SUM(G6:G16) -> 58500 | H17: =SUM(H6:H16) -> 182000
G25: Elaborado por:

Sheet ProyecciónResolución2026 (2)
A1: ESTIMACIÓN DE COSTOS 2026
B3: CIRCULAR 20251300000115CS
B5: ESTIMACIÓN DE COSTOS DEL 15/07/2026 - 31/12/2026
B8: Tarifa Base Personal | C8: 1750905
B9: Base de incremento por costos | C9: 10.21
B10: Valor estimado antes de variables | C10: =+C8*C9 -> 17876740
E12: 0.4759 | F12: 0.5241 | G12: 25
B13: SERVICIO | C13: VALOR | D13: SEGURO DE VIDA | E13: VARIABLE PROPORCIONALIDAD | F13: VARIABLE PROPORCIONALIDAD | G13: VALOR 25 DIAS | H13: Porcentaje de gastos de administración y supervisión | I13: Gasto de Administración y de supervisión | J13: TOTAL SIN IVA | K13: AIU 10% DEL SERVICIO | L13: IVA 19% | M13: TOTAL CON IVA
A14: 24 HORAS | B14: Servicio humano SIN ARMA (24 horas del día de Lunes a Domingo) - Mes de servicio (Incluye Impuestos, Seguros, AIU) | C14: =+$C$10 -> 17876740 | D14: 5000 | E14: =ROUND((C14*$E$12)+(D14*$E$12),0) -> 8509920 | F14: =ROUND((C14*$F$12)+(D14*$F$12),0) -> 9371820 | G14: =((E14+F14)/30)*$G$12 -> 14901450 | H14: 0.08 | I14: =G14*H14 -> 1192116 | J14: =G14+I14 -> 16093566 | K14: =ROUND(+J14*10%,0) -> 1609357 | L14: =ROUND(+K14*19%,0) -> 305778 | M14: =+J14+K14+L14 -> 18008701
B15: Servicio humano CON ARMA (24 horas del día de Lunes a Domingo) - Mes de servicio (Incluye Impuestos, Seguros, AIU) | C15: =+$C$10 -> 17876740 | D15: 5000 | E15: =ROUND((C15*$E$12)+(D15*$E$12),0) -> 8509920 | F15: =ROUND((C15*$F$12)+(D15*$F$12),0) -> 9371820 | G15: =((E15+F15)/30)*$G$12 -> 14901450 | H15: 0.1 | I15: =G15*H15 -> 1490145 | J15: =G15+I15 -> 16391595 | K15: =ROUND(+J15*10%,0) -> 1639160 | L15: =ROUND(+K15*19%,0) -> 311440 | M15: =+J15+K15+L15 -> 18342195
B16: Servicio humano CON CANINO (24 horas del día de Lunes a Domingo) - Mes de servicio (Incluye Impuestos, Seguros, AIU) | C16: =+$C$10 -> 17876740 | D16: 5000 | E16: =ROUND((C16*$E$12)+(D16*$E$12),0) -> 8509920 | F16: =ROUND((C16*$F$12)+(D16*$F$12),0) -> 9371820 | G16: =((E16+F16)/30)*$G$12 -> 14901450 | H16: 0.11 | I16: =G16*H16 -> 1639159.5 | J16: =G16+I16 -> 16540610 | K16: =ROUND(+J16*10%,0) -> 1654061 | L16: =ROUND(+K16*19%,0) -> 314272 | M16: =+J16+K16+L16 -> 18508942
B17: Servicio humano sin arma (12 horas diarias de lunes a viernes sin festivos) | C17: =+((((((($C$8*10.21))*47.59%)/30)*20)/13)*12) -> 5235409.6 | D17: 3000 | E17: =ROUND((C17*$E$12)+(D17*$E$12),0) -> 2492959 | F17: =ROUND((C17*$F$12)+(D17*$F$12),0) -> 2745450 | G17: =((E17+F17)/30)*$G$12 -> 4365340.8 | H17: 0.08 | I17: =G17*H17 -> 349227.27 | J17: =G17+I17 -> 4714568.1 | K17: =ROUND(+J17*10%,0) -> 471457 | L17: =ROUND(+K17*19%,0) -> 89577 | M17: =+J17+K17+L17 -> 5275602.1
B18: Servicio humano sin arma (12 horas diarias de lunes a sábado sin festivos) | C18: =+((((((($C$8*10.21))*47.59%)/30)*24)/13)*12) -> 6282491.5 | D18: 3000 | E18: =ROUND((C18*$E$12)+(D18*$E$12),0) -> 2991265 | F18: =ROUND((C18*$F$12)+(D18*$F$12),0) -> 3294226 | G18: =((E18+F18)/30)*$G$12 -> 5237909.2 | H18: 0.08 | I18: =G18*H18 -> 419032.73 | J18: =G18+I18 -> 5656941.9 | K18: =ROUND(+J18*10%,0) -> 565694 | L18: =ROUND(+K18*19%,0) -> 107482 | M18: =+J18+K18+L18 -> 6330117.9
D19: =+((((((($C$8*10.21))*47.59%)/30)*20)/13)*12) -> 5235409.6 | G19: =((E19+F19)/30)*20 -> 0
C21: =+((((((($C$8*9.85))*47.59%)/30)*9)/13)*12) -> 2272865.1 | D21: =+((((((($C$8*10.21))*47.59%)/30)*11)/13)*12) -> 2879475.3
C22: =+((((((($C$8*9.85))*47.59%)/30)*12)/13)*12) -> 3030486.8 | D22: =+((((((($C$8*10.21))*47.59%)/30)*12)/13)*12) -> 3141245.8
D23: =+((((((($C$8*10.21))*47.59%)/30)*24)/13)*12) -> 6282491.5
A25: ESTIMACIÓN DE COSTOS 2027
B27: ESTIMACION AÑO 2027
B29: ESTIMACIÓN DE COSTOS DEL 01/01/2027 - 14/07/2027
B31: Tarifa Base Personal | C31: =+C8*$C$52+C8 -> 1998412.9
B32: Base de incremento por costos | C32: =+C9 -> 10.21
B33: Valor estimado antes de variables | C33: =C31*C32 -> 20403796
B36: SERVICIO | C36: VALOR | D36: SEGURO DE VIDA | H36: Porcentaje | I36: A y S | J36: TOTAL SIN IVA | K36: AIU 10% DEL SERVICIO | L36: IVA 19% | M36: TOTAL CON IVA
B37: Servicio humano SIN ARMA (24 horas del día de Lunes a Domingo) - Mes de servicio (Incluye Impuestos, Seguros, AIU) | C37: =+$C$33 -> 20403796 | D37: 5000 | H37: 0.08 | I37: =+(C37+D37)*H37 -> 1632703.7 | J37: =+C37+D37+I37 -> 22041500 | K37: =+J37*10% -> 2204150 | L37: =+K37*19% -> 418788.49 | M37: =+J37+L37+K37 -> 24664438 | N37: =+C37/C14-1 -> 0.14136
B38: Servicio humano CON ARMA (24 horas del día de Lunes a Domingo) - Mes de servicio (Incluye Impuestos, Seguros, AIU) | C38: =+$C$33 -> 20403796 | D38: 5000 | H38: 0.1 | I38: =+(C38+D38)*H38 -> 2040879.6 | J38: =+C38+D38+I38 -> 22449676 | K38: =+J38*10% -> 2244967.6 | L38: =+K38*19% -> 426543.84 | M38: =+J38+L38+K38 -> 25121187 | N38: =+C38/C15-1 -> 0.14136
B39: Servicio humano CON CANINO (24 horas del día de Lunes a Domingo) - Mes de servicio (Incluye Impuestos, Seguros, AIU) | C39: =+$C$33 -> 20403796 | D39: 5000 | H39: 0.11 | I39: =+(C39+D39)*H39 -> 2244967.6 | J39: =+C39+D39+I39 -> 22653764 | K39: =+J39*10% -> 2265376.4 | L39: =+K39*19% -> 430421.51 | M39: =+J39+L39+K39 -> 25349561 | N39: =+C39/C16-1 -> 0.14136
B40: Servicio humano sin arma (12 horas diarias de lunes a viernes sin festivos) | C40: =+((((((($C$31*10.21))*47.59%)/30)*20)/13)*12) -> 5975487.1 | D40: 3000 | H40: 0.08 | I40: =+(C40+D40)*H40 -> 478278.97 | J40: =+C40+D40+I40 -> 6456766.1 | K40: =+J40*10% -> 645676.61 | L40: =+K40*19% -> 122678.56 | M40: =+J40+L40+K40 -> 7225121.2 | N40: =+C40/C17-1 -> 0.14136
B41: Servicio humano sin arma (12 horas diarias de lunes a sábado sin festivos) | C41: =+((((((($C$31*10.21))*47.59%)/30)*24)/13)*12) -> 7170584.5 | D41: 3000 | H41: 0.08 | I41: =+(C41+D41)*H41 -> 573886.76 | J41: =+C41+D41+I41 -> 7747471.3 | K41: =+J41*10% -> 774747.13 | L41: =+K41*19% -> 147201.95 | M41: =+J41+L41+K41 -> 8669420.4 | N41: =+C41/C18-1 -> 0.14136
B46: Año | C46: Aumento | D46: Salario Mínimo
B47: 2026 | C47: 0.23 | D47: =+C47*D48+D48 -> 1750905
B48: 2025 | C48: 0.0954 | D48: 1423500
B49: 2024 | C49: 0.1207 | D49: 1300000
B50: 2023 | C50: 0.16 | D50: 1160000
B51: 2022 | C51: 0.1007 | D51: 1000000
B52: PROMEDIO | C52: =AVERAGE(C47:C51) -> 0.14136

Sheet RECURSO HUMANO 2026 
A1: RECURSO HUMANO - ALCALDIA LOCAL DE KENNEDY
A2: CIRCULAR EXTERNA N° 20251300000115CS - 30 diciembre de 2025 SuperVigilancia
A3: UBICACIÓN | B3: No PUESTOS | C3: CARACTERISTICAS | D3: 25 DIAS | E3: SUMATORIA
B4: 2 | C4: Servicio humano sin arma las 24 horas del día de Lunes a Domingo | D4: =ROUND('ProyecciónResolución2026 (2)'!$M$14*'RECURSO HUMANO 2026 '!B4,0) -> 36017402 | E4: =ROUND(SUM(D4:D4),0) -> 36017402
B5: 1 | C5: Servicio humano CON arma las 24 horas del día de Lunes a Domingo | D5: =ROUND('ProyecciónResolución2026 (2)'!$M$14*'RECURSO HUMANO 2026 '!B5,0) -> 18008701 | E5: =ROUND(SUM(D5:D5),0) -> 18008701
A6: SEDE CARVAJAL | B6: 1 | C6: Servicio humano CON arma las 24 horas del día de Lunes a Domingo | D6: =ROUND('ProyecciónResolución2026 (2)'!$M$14*'RECURSO HUMANO 2026 '!B6,0) -> 18008701 | E6: =ROUND(SUM(D6:D6),0) -> 18008701
A7: CCTV | D7: ='COMPONENTES LOGIS Y TECN'!M16 -> 0 | E7: ='COMPONENTES LOGIS Y TECN'!N16 -> 0
A8: VALOR TOTAL TALENTO HUMANO | D8: =+SUM(D4:D6) -> 72034804 | E8: =+SUM(E4:E6) -> 72034804
A9: VALOR TOTAL DE LA PROPUESTA OFERTADA | D9: =SUM(D4:D7) -> 72034804 | E9: =SUM(D9:D9) -> 72034804
E15: =+E7/5.5 -> 0
C23: 45657
C24: 45658

Sheet COMPONENTES LOGIS Y TECN
D1: FONDO DE DESARROLLO LOCAL DE KENNEDY
A2: FORMATO DE PROPUESTA ECONOMICA
A3: OBJETO: CONTRATAR LA PRESTACIÓN DEL SERVICIO INTEGRAL DE VIGILANCIA Y SEGURIDAD PRIVADA EN LA MODALIDAD DE VIGILANCIA FIJA, CON MEDIO HUMANO CON Y SIN ARMA, Y MEDIOS TECNOLÓGICOS, PARA LA PROTECCIÓN DE LAS PERSONAS, BIENES MUEBLES E INMUEBLES Y DEMÁS INTERESES PATRIMONIALES DEL FONDO DESARROLLO LOCAL DE KENNEDY Y DE AQUELLOS POR LOS CUALES SEA O LLEGARE A SER LEGALMENTE RESPONSABLE.
A4: Items | B4: Nombre | C4: Descripción | D4: Meses | E4: Unidad de Medida | F4: Cantidad | G4: VALOR UNITARIO TECHO ANTES DE IVA (A) | H4: VALOR UNITARIO TECHO INCLUIDO IVA (B) | I4: VALOR TOTAL INCLUIDO IVA (B* Cantidad * Meses) | J4: VALOR UNITARIO ANTES DE IVA | K4: % IVA | L4: VALOR UNITARIO INCLUIDO IVA | M4: VALOR TOTAL OFERTA INCLUIDO IVA
A5: CIRCUITO CERRADO DE TELEVISIÓN ALK
A6: 1 | B6: Alquiler de Cámaras de video vigilancia Tipo domo IP P | C6: REQUERIMIENTOS TÉCNICOS MÍNIMOS cámaras Tipo do-mo IP • Resolución mínima: 2 megapíxeles (Full HD) o superior. • Sensibilidad lumínica:0.001 Lux @ (F1.0, AGC ON), 0 Lux con iluminación infrarroja o luz blanca. • Compresión de video: H.265 / H.265+ / H.264 / H.264+. • Ángulo de visión: Panorámica: 0° a 360°, Inclinación: 0° a 75°, Rotación: 0° a 360°. Lente mínimo 2.8 mm con FOV amplio. • Protocolos: TCP/IP, HTTP, HTTPS, DHCP, DNS, RTP, RTSP, NTP, IGMP, IPv4/IPv6, SSL/TLS. • Compatibilidad: Compatible con el sistema actual de la Alcaldía y protocolo ONVIF Perfil S/G/T. • Interfaz de red: Puerto Ethernet RJ45 10/100 Mbps autoadaptativo. • Alimentación: 12 VDC ±25% y/o PoE IEEE 802.3af Clase 3. • Consumo máximo: 6.5 W por cámara. • Protección: IP66 o superior para exterior, IK10 cuando aplique en zonas de riesgo o exposición. • Cableado:Se deberá conservar el cableado existente si cumple condiciones técnicas. En caso contrario, se deberá suministrar e instalar cableado UTP categoría 6A en cobre certificado. • Instalación: Incluye suministro, instalación, configuración, integración, pruebas y puesta en marcha del sistema completo. Almacenamiento: la infraestructura de almacenamiento (servidores, NVR, discos duros tipo Surveillance o Enterprise) necesaria para garantizar la grabación continua (24/7) de las 140 cámaras por un periodo mínimo de 90 días (3 meses). Electrónica de Red (Switches): El servicio incluye el suministro y configuración de los switches administrables necesarios. El contratista deberá proveer equipos con puertos suficientes y capacidad Power over Ethernet (PoE) para energizar el 100% de las cámaras sin interrupciones. DEBE QUEDAR INSTALADO Y EN FUNCIONAMIENTO CON EL CABLEADO QUE SEA REQUERIDO PARA SU FUNCIONAMIENTO | D6: 1 | E6: mes | F6: 119 | G6: 26109 | H6: 31070 | I6: =H6*F6*D6 -> 3697330 | K6: 0.19 | L6: =ROUND(J6*(1+K6),0) -> 0 | M6: =ROUND(L6*D6*F6,0) -> 0
A7: 2 | B7: Alquiler Brazos para soporte de cámaras | C7: Brazos para soporte de cámaras de 0.5 metros a un metro metálico de color blanco o negro Con instalación y puesta en marcha ( EN LOS DOS COSTADOS DE LA ALCALDIA - DERECHA E IZQUIERDA CON VISTA AL PARQUEADERO) | D7: 1 | E7: mes | F7: 6 | G7: 18388 | H7: 21882 | I7: =H7*F7*D7 -> 131292 | K7: 0.19 | L7: =ROUND(J7*(1+K7),0) -> 0 | M7: =ROUND(L7*D7*F7,0) -> 0
A8: 3 | B8: Alquiler de RACK mural para Instalación de los switches por piso | C8: Rack mural tipo gabinete cerrado para telecomunicaciones, con las siguientes características mínimas: • Formato estándar de 19 pulgadas. • Estructura metálica de alta resistencia. • Montaje en pared. • Puerta frontal con ventilación lateral y cerradura. • Organización interna mediante patch panel, bandejas y organizadores horizontales de cableado. • Espacio para instalación de switches, NVR y equipos de videovigilancia. • Regleta eléctrica interna (PDU) mínimo de 6 tomas. • Ventilación activa o ventiladores superiores. Dimensiones mínimas recomendadas: • Altura: entre 12U y 15U. • Fondo mínimo: 60 cm. • Capacidad de carga mínima: 40 kg. Debe permitir la instalación y correcta operación de: • Switches administrables y/o PoE. • Equipos de videovigilancia tipo NVR. • Patch panel. • Organizadores de cableado. • Cableado estructurado UTP y/o fibra óptica. El rack deberá garantizar adecuada ventilación, distribución eléctrica y organización del cableado para asegurar el correcto funcionamiento de los equipos tecnológicos. Debe incluir: • Instalación. • Configuración. • Organización interna del cableado. • Puesta en marcha. • Todos los accesorios requeridos para su correcto funcionamiento. | D8: 1 | E8: mes | F8: 5 | G8: 70852 | H8: 84314 | I8: =H8*F8*D8 -> 421570 | K8: 0.19 | L8: =ROUND(J8*(1+K8),0) -> 0 | M8: =ROUND(L8*D8*F8,0) -> 0
A9: 4 | B9: Aquiler de rack de piso para instalación de los NVR | C9: Rack de Piso (Gabinete Principal) para alojamiento de NVR y Core de red, con las siguientes características mínimas: • Formato estándar de 19 pulgadas. • Estructura metálica en acero laminado en frío de alta resistencia. • Gabinete autosoportado (de piso) con rodachinas de alta resistencia y niveladores. • Puerta frontal y posterior microperforadas (malla) para garantizar un flujo de aire óptimo y disipación de calor, ambas con cerradura de seguridad. • Paneles laterales desmontables con cerradura. • Organización interna mediante patch panel, bandejas de alta resistencia y organizadores de cableado verticales y horizontales. • Espacio y profundidad adecuada para instalación de switches core, servidores de videovigilancia (NVR) de gran formato y sistemas de alimentación ininterrumpida (UPS). • Regletas eléctricas (PDU): Mínimo dos (2) regletas de montaje vertical con mínimo 10 tomas cada una. • Sistema de ventilación activa en el techo (mínimo 4 ventiladores). Dimensiones mínimas recomendadas: • Altura: entre 32U y 42U • Fondo mínimo: 100 cm (1000 mm). • Capacidad de carga estática mínima: 800 kg. Debe permitir la instalación y correcta operación de: • Servidores de almacenamiento y/o equipos de videovigilancia tipo NVR de alta densidad. • Switches administrables de distribución/core. • Patch panel y organizadores de cableado de alta densidad. • Cableado estructurado UTP y/o fibra óptica (bandejas de empalme). | D9: 1 | E9: mes | F9: 2 | G9: 51308 | H9: 61057 | I9: =H9*F9*D9 -> 122114 | K9: 0.19 | L9: =ROUND(J9*(1+K9),0) -> 0 | M9: =ROUND(L9*D9*F9,0) -> 0
A10: 5 | B10: Alquiler de Monitores LED de 50” | C10: Con entradas: VGA, DVI, HDMI, USB con bocinas internas y soporte de fijación tipo pared y/o tipo mesa. Estos monitores deben quedar instaladas en los mismos puntos con los que actualmente cuenta el Fondo Local de Kennedy o en su defecto los puntos recomendados por el área de TIC con instalación y puesta en marcha | D10: 1 | E10: mes | F10: 7 | G10: 41683 | H10: 49603 | I10: =H10*F10*D10 -> 347221 | K10: 0.19 | L10: =ROUND(J10*(1+K10),0) -> 0 | M10: =ROUND(L10*D10*F10,0) -> 0
A11: SISTEMAS PARA EL CONTROL DE ACCESO INTEGRAL
A12: 6 | B12: Computadores de escritorio | C12: Las especificaciones de los computado-res de escritorio mínimo deben tener las siguientes características: • Procesador (CPU): Intel Core i5 de 14ª generación en adelante o AMD Ryzen 5 (serie 5000 o superior) • Memoria RAM:16 GB DDR5 (mínimo) • Almacenamiento: 512 GB SSD (mínimo) • Sistema Operativo: Windows: Win-dows 11 Pro • Monitor: de 24 pulgadas Full HD (mínimo) • Conectividad: Ethernet (RJ45), Conexión a WiFi (integrado), Bluetooth (integrado) • Puertos: 4 puertos USB 3.0 (Minimo), 1 puerto HDMI o DisplayPort • Periféricos: Teclado y mouse alambrcos conexión USB • Cámara web HD integrada en el monitor • Lectores o dispositivos adicionales según operación (eje: lector de có-digo de barras) • Seguridad: Antivirus Licenciado DEBE TENER SOFTWARE REGISTRO DE VISITANTES Y DEBE QUEDAR INSTALADO Y EN FUNCIONAMIENTO CON EL CABLEADO QUE SEA REQUERIDO PARA SU FUNCIONAMIENTO | D12: 1 | E12: mes | F12: 2 | G12: 359057 | H12: 427278 | I12: =H12*F12*D12 -> 854556 | K12: 0.19 | L12: =ROUND(J12*(1+K12),0) -> 0 | M12: =ROUND(L12*D12*F12,0) -> 0
A13: 7 | B13: Impresoras térmicas para stikers | C13: Impresoras térmicas para impresión de stickers de ingreso de visitantes. El equipo deberá permitir la identificación de los visitantes mediante la impresión de información como: nombre completo, tipo y número de documento, fotografía, hora de ingreso, oficina a la cual se dirige y persona que autoriza el ingreso. Así mismo, el elemento deberá contar con tecnología de impresión térmica y ser compatible con el sistema operativo de los computadores de la entidad y sercompatible con e programa y equipos suministrados, incluyendo rollos de uso y de backup requeridos, CON INSTALACION Y PUESTA EN MARCHA - Y CABLEADO QUE SEA REQUERIDO PARA SU FUNCIONAMIENTO | D13: 1 | E13: mes | F13: 2 | G13: 80495 | H13: 95789 | I13: =H13*F13*D13 -> 191578 | K13: 0.19 | L13: =ROUND(J13*(1+K13),0) -> 0 | M13: =ROUND(L13*D13*F13,0) -> 0
A14: 8 | B14: Lector de registro de cedulas | C14: Lector código de barras de las cedulas de ciudadania que permita registrar automáticamente en la base de datos la información de los visitantes. | D14: 1 | E14: mes | F14: 2 | G14: 46951 | H14: 55872 | I14: =H14*F14*D14 -> 111744 | K14: 0.19 | L14: =ROUND(J14*(1+K14),0) -> 0 | M14: =ROUND(L14*D14*F14,0) -> 0
A15: 9 | B15: Equipo biométrico | C15: Con su respectivo enrolador que permita el registro de huellas, sensor óptico, control de tiempo y asistencia, comunicación TCP/IP, RS-485, identificación de huella en 1 segundo, mínimo 10.000 usuarios Mínimo 50.000 eventos, kit de alimentación, software para el registro y salida de visitantes que será instalado en un equipo de cómputo de la entidad con entrega mensual de 20.000 stickers o etiquetas. Con instalación y puesta en marcha | D15: 1 | E15: mes | F15: 2 | G15: 88170 | H15: 104922 | I15: =H15*F15*D15 -> 209844 | K15: 0.19 | L15: =ROUND(J15*(1+K15),0) -> 0 | M15: =ROUND(L15*D15*F15,0) -> 0
I16: =I6+I7+I8+I9+I10+I12+I13+I14+I15 -> 6087249 | L16: =L6+L7+L8+L9+L10+L12+L13+L14+L15 -> 0 | M16: =M6+M7+M8+M9+M10+M12+M13+M14+M15 -> 0
A18: TALENTO HUMANO
A19: CIRCULAR EXTERNA N° 20251300000115CS - 30 diciembre de 2025 SuperVigilancia
A20: UBICACIÓN | B20: No. PUESTOS | C20: CARACTERISTICAS | G20: VALOR UNITARIO TECHO DEL SERVICIO | H20: VALOR TOTAL DEL SERVICIO - 25 DÍAS | I20: TOTAL PUESTOS DE TRABAJO
A21: SEDE KENNEDY | B21: 2 | C21: Servicio humano sin arma las 24 horas del día de Lunes a Domingo | G21: 18008701 | H21: =G21*B21 -> 36017402 | I21: =ROUND(SUM(H21:H21),0) -> 36017402
B22: 1 | C22: Servicio humano CON arma las 24 horas del día de Lunes a Domingo | G22: 18342195 | H22: =G22*B22 -> 18342195 | I22: =ROUND(SUM(H22:H22),0) -> 18342195
A23: SEDE CARVAJAL | B23: 1 | C23: Servicio humano CON arma las 24 horas del día de Lunes a Domingo | G23: 18342195 | H23: =G23*B23 -> 18342195 | I23: =ROUND(SUM(H23:H23),0) -> 18342195
A24: VALOR TOTAL TALENTO HUMANO | H24: =+SUM(H21:H23) -> 72701792 | I24: =+SUM(I21:I23) -> 72701792
A26: VALOR PROPUESTA ECONOMICA (TALENTO HUMANO + TECNOLOGICO Y LOGISITICO | E26: =IF(M16=0,"",(M16+I24))
A28: Nota 1: Columnas J : El proponente debe diligenciar el valor unitario ANTES DE IVA ofertado para cada bien/servicio tecnológico y logístico. Dicho valor no debe superar el valor de referencia.
A29: Nota 2: La sección (Talento Humano) corresponde exactamente a la hoja "RECURSO HUMANO 2026" del Estudio de Mercado, con base en la Circular Externa N° 20251300000115CS del 30 de diciembre de 2025 de la Superintendencia de Vigilancia y Seguridad Privada. Los valores ya incluyen impuestos, seguros y AIU y NO son modificables por el proponente.
A30: Nota 3: La sección de (Tecnológico y Logístico) toma como referencia el valor total para el Estudio de Mercado de cada ítem (hoja COMPONENTES LOGIS Y TECN, columna "Valor total para el Estudio de Mercado").
A31: Nota 4: El oferente en su propuesta no podrá modificar las características técnicas
A32: Nota 5: Los valores unitarios no pueden ser mayores a los definidos en el presupuesto oficial
A33: Nota 6: La propuesta económica no debe presentar centavos, por tanto, el proponente deberá aproximarla al peso, ya sea por exceso si es mayor a 0.50, o por defecto si es menor o igual a 0.50
A34: Nota 7: El valor de la propuesta no podrá ser superior al presupuesto oficial establecido
A35: Nota 8: El presente formato no debe modificarse so pena de rechazo
A36: Nota 9: No se aceptan ofertar parciales.

Sheet Hoja6
A2: 6 | B2: ENERO-JUNIO 2025
A3: 5 | B3: ENERO-MAYO 2025
A4: 4 | B4: ENERO-ABRIL 2025
A5: 3 | B5: ENERO-MARZO 2025
A6: 2 | B6: ENERO-FEBRERO 2025
A7: 1 | B7: ENEERO 2025

Sheet ServiciosDeVigilancia
B2: FICHA TECNICA CON ESPECIFICACIONES PARA COTIZACIÓN PROCESO DE COTIZACIÓN FDLB-SIP-C-008-2024
B3: DIRIGIDA A ALCALDÍA LOCAL DE BOSA - NIT 899.999.061-9
B6: Los valores base estan de acuerdo a las tarifas reglamentadas en la Circular Nº 20231300001105 "tarifas mínimas servicios vigilancia y seguridad privada vigencia 2024". Diligencie unicamente los campos en amarillo en caso de que la proyección realizada este de acuerdo con los valores proporcionados por la Superintendencia de Vigilancia, en caso de evidenciar que los valores presentan errores, diligencie los mismos de acuerdo a lo establecido por la circular y sus tablas de costos.
B7: Ver Circular
B9: ITEM | C9: PRODUCTO O SERVICIO | D9: ESPECIFICACION TECNICA (Detalle especificaciones tecnicas del elemento, Marca, Serial, ETC) | E9: DESCRIPCION TECNICA (Especifique mas detalles en caso de ser necesario) | F9: UNIDAD DE MEDIDA A COTIZAR | G9: CANTIDAD A COTIZAR | H9: VALOR | I9: SEGURO DE VIDA (Valor por mes) | J9: Porcentaje | K9: A y S | L9: TOTAL SIN IVA | M9: AIU 10% DEL SERVICIO (artículo 462-1 del estatuto tributario) | N9: IVA 19% (Aclarado DIAN) | O9: TOTAL (INCLUYE A Y S, IVA, SEGUROS)
A10: TARIFAS DEL 14/07/2024 AL 31/12/2024 | B10: TARIFAS SERVICIOS DE VIGILANCIA DESDE 15/07/2024 A 31/12/2024 - TENER EN CUENTA NORMATIVIDAD Circular externa 20231300001105 tarifas mínimas servicios vigilancia y seguridad privada vigencia 2024
B11: 1 | C11: Talento Humano Seguridad 1 | D11: Servicio humano SIN ARMA (24 horas del día de Lunes a Domingo) - Mes de servicio | F11: Mes | G11: 1 | H11: =#REF! -> #REF! | I11: =#REF! -> #REF! | J11: 0.08 | K11: =(H11+I11)*J11 -> #REF! | L11: =H11+I11+K11 -> #REF! | M11: =L11*10% -> #REF! | N11: =M11*19% -> #REF! | O11: =ROUNDUP(L11+N11,-2)*G11 -> #REF!
B12: 2 | C12: Talento Humano Seguridad 2 | D12: Servicio humano SIN ARMA (8 horas diarias de lunes a viernes sin festivos) - Mes de servicio | F12: Mes | G12: 1 | H12: =#REF! -> #REF! | I12: =#REF! -> #REF! | J12: 0.08 | K12: =(H12+I12)*J12 -> #REF! | L12: =H12+I12+K12 -> #REF! | M12: =L12*10% -> #REF! | N12: =M12*19% -> #REF! | O12: =ROUNDUP(L12+N12,-2)*G12 -> #REF!
B13: 3 | C13: Talento Humano Seguridad 3 | D13: Servicio humano SIN ARMA (8 horas diarias de lunes a sábado sin festivos) - Mes de servicio | F13: Mes | G13: 1 | H13: =#REF! -> #REF! | I13: =#REF! -> #REF! | J13: 0.08 | K13: =(H13+I13)*J13 -> #REF! | L13: =H13+I13+K13 -> #REF! | M13: =L13*10% -> #REF! | N13: =M13*19% -> #REF! | O13: =ROUNDUP(L13+N13,-2)*G13 -> #REF!
A14: PROYECCIÓN TARIFAS DEL 01/01/2025 AL 01/07/2025 | B14: TARIFAS SERVICIOS DE VIGILANCIA DESDE 01/01/2025 A 14/07/2025 - TENER EN CUENTA NORMATIVIDAD Circular externa 20231300001105 tarifas mínimas servicios vigilancia y seguridad privada vigencia 2024 y posible incremento salarial
B15: 1 | C15: Talento Humano Seguridad 7 | D15: Servicio humano SIN ARMA (24 horas del día de Lunes a Domingo) - Mes de servicio | F15: Mes | G15: 1 | H15: =#REF! -> #REF! | I15: =#REF! -> #REF! | J15: 0.08 | K15: =(H15+I15)*J15 -> #REF! | L15: =H15+I15+K15 -> #REF! | M15: =L15*10% -> #REF! | N15: =M15*19% -> #REF! | O15: =ROUNDUP(L15+N15,-2)*G15 -> #REF!
B16: 2 | C16: Talento Humano Seguridad 8 | D16: Servicio humano SIN ARMA (8 horas diarias de lunes a viernes sin festivos) - Mes de servicio | F16: Mes | G16: 1 | H16: =#REF! -> #REF! | I16: =#REF! -> #REF! | J16: 0.08 | K16: =(H16+I16)*J16 -> #REF! | L16: =H16+I16+K16 -> #REF! | M16: =L16*10% -> #REF! | N16: =M16*19% -> #REF! | O16: =ROUNDUP(L16+N16,-2)*G16 -> #REF!
B17: 3 | C17: Talento Humano Seguridad 9 | D17: Servicio humano SIN ARMA (8 horas diarias de lunes a sábado sin festivos) - Mes de servicio | F17: Mes | G17: 1 | H17: =#REF! -> #REF! | I17: =#REF! -> #REF! | J17: 0.08 | K17: =(H17+I17)*J17 -> #REF! | L17: =H17+I17+K17 -> #REF! | M17: =L17*10% -> #REF! | N17: =M17*19% -> #REF! | O17: =ROUNDUP(L17+N17,-2)*G17 -> #REF!
B20: Nota: Se requieren los valores de referencia por mes, para asi mismo proyectar las cantidades finales. Agradecemos incluir en los valores los costos directos e indirectos (transporte, instalación, desinstalación e impouestos si aplica) que puedan incluir. | O20: =SUM(O11:O17) -> #REF!
B25: OBSERVACIONES PROVEEDOR
B37: Fuentes Consultadas: | D37: https://www.supervigilancia.gov.co/publicaciones/10474/circular-tarifas-minimas-para-contratacion-servicios-de-vigilancia-y-seguridad-privada-2024/
D38: https://estatuto.co/462-1
D39: https://www.gerencie.com/del-iva-en-los-servicios-integrales-de-aseo-y-cafeteria.html

Sheet matriz calculo 2025
A1: tarifas 2025 | C1: CARACTERISTICAS | D1: tarifas 2025 | E1: tarifas 2025 | F1: tarifas 2026 | G1: 0.1 | I1: 12 DIAS | K1: 45790 | L1: 13 dias
A2: 14596078 | C2: Servicio humano sin arma las 24 horas del día de Lunes a Domingo) | D2: 14600838 | E2: 14840178 | F2: 16165395 | I2: =+(E2/30)*15 -> 7420089.2 | K2: =(A2/30)*13 -> 6324967.1
A3: 2906823 | C3: Servicio humano sin arma (8 horas diarias de lunes a viernes sin festivos) | D3: 2896998.2 | E3: 2944450.5 | F3: 3207303.6 | I3: =+(E3/30)*15 -> 1472225.3 | K3: =(A3/30)*13 -> 1259623.3 | M3: 9 MESES
A4: 3487126 | C4: Servicio humano sin arma (8 horas diarias de lunes a sábado sin festivos) | D4: 3477446.2 | E4: 3534424.5 | F4: 3849987.7 | I4: =+(E4/30)*15 -> 1767212.2 | K4: =(A4/30)*13 -> 1511087.9
A7: UBICACIÓN | B7: No PUESTOS | C7: CARACTERISTICAS | D7: MAYO 19 DIAS | E7: JUNIO | F7: JULIO 15 DIAS | G7: JULIO 15 DIAS | H7: AGOSTO | I7: SEPTIEMBRE | J7: OCTUBRE | K7: NOVIEMBRE | L7: DICIEMBRE | M7: ENERO | N7: FEBRERO 11 DIAS | O7: sumatoria
A8: DETERMINAR | B8: 1 | C8: Servicio humano sin arma las 24 horas del día de Lunes a Domingo) | D8: =(D2/30)*19 -> 9247197.6 | E8: =+D2*B8 -> 14600838 | F8: 7167279 | G8: 7214277 | H8: =+E2 -> 14840178 | I8: =+H8 -> 14840178 | J8: =+I8 -> 14840178 | K8: =+J8 -> 14840178 | L8: =+K8 -> 14840178 | M8: =+F2 -> 16165395 | N8: =+M8 -> 16165395 | O8: =SUM(H8:N8) -> 1.0653168e+08
B9: 1 | C9: Servicio humano sin arma (8 horas diarias de lunes a viernes sin festivos) | D9: =(D3/30)*19 -> 1834765.5 | E9: =+D3*B9 -> 2896998.2 | F9: 1427390 | G9: 1436742.5 | H9: =+E3 -> 2944450.5 | I9: =+H9 -> 2944450.5 | J9: =+I9 -> 2944450.5 | K9: =+J9 -> 2944450.5 | L9: =+K9 -> 2944450.5 | M9: =+F3 -> 3207303.6 | N9: =+M9 -> 3207303.6 | O9: =SUM(H9:N9) -> 21136860
B10: 1 | C10: Servicio humano sin arma (8 horas diarias de lunes a sábado sin festivos) | D10: =(D4/30)*19 -> 2202382.6 | E10: =+D4*B10 -> 3477446.2 | F10: 1712337 | G10: 1723560.5 | H10: =+E4 -> 3534424.5 | I10: =+H10 -> 3534424.5 | J10: =+I10 -> 3534424.5 | K10: =+J10 -> 3534424.5 | L10: =+K10 -> 3534424.5 | M10: =+F4 -> 3849987.7 | N10: =+M10 -> 3849987.7 | O10: =SUM(H10:N10) -> 25372098
B11: =SUM(B8:B10) -> 3 | D11: =SUM(D8:D10) -> 13284346 | E11: 53876087 | F11: =SUM(F8:F10) -> 10307006 | G11: =SUM(G8:G10) -> 10374580 | H11: =SUM(H8:H10) -> 21319054 | I11: =SUM(I8:I10) -> 21319054 | J11: =SUM(J8:J10) -> 21319054 | K11: =SUM(K8:K10) -> 21319054 | L11: =SUM(L8:L10) -> 21319054 | M11: =SUM(M8:M10) -> 23222686 | ... O11: =SUM(O8:O10) -> 1.5304064e+08
A16: UBICACIÓN | B16: No PUESTOS | C16: CARACTERISTICAS | D16: MAYO 19 DIAS | E16: JUNIO | F16: JULIO 15 DIAS | G16: JULIO 15 DIAS | H16: AGOSTO | I16: SEPTIEMBRE | J16: OCTUBRE | K16: NOVIEMBRE | L16: DICIEMBRE | M16: ENERO | N16: FEBRERO 11 DIAS | O16: sumatoria
A17: ALCALDIA LOCAL DE BOSA | B17: 1 | C17: Servicio humano sin arma las 24 horas del día de Lunes a Domingo) | D17: =+D8*$B$17 -> 9247197.6 | E17: =+E8*$B$17 -> 14600838 | F17: =+F8*$B$17 -> 7167279 | G17: =+G8*$B$17 -> 7214277 | H17: =+H8*$B$17 -> 14840178 | I17: =+I8*$B$17 -> 14840178 | J17: =+J8*$B$17 -> 14840178 | K17: =+K8*$B$17 -> 14840178 | ... M17: =+M8*$B$17 -> 16165395 | N17: =(N8/30)*11*$B$17 -> 5927311.5 | O17: =SUM(D17:N17) -> 1.3452319e+08
B18: 2 | C18: Servicio humano sin arma (8 horas diarias de lunes a viernes sin festivos) | D18: =+D9*$B$18 -> 3669531.1 | E18: =+E9*$B$18 -> 5793996.5 | F18: =+F9*$B$18 -> 2854780 | G18: =+G9*$B$18 -> 2873485 | H18: =+H9*$B$18 -> 5888901.1 | I18: =+I9*$B$18 -> 5888901.1 | J18: =+J9*$B$18 -> 5888901.1 | K18: =+K9*$B$18 -> 5888901.1 | ... M18: =+M9*$B$18 -> 6414607.1 | N18: =(N9/30)*11*$B$18 -> 2352022.6 | O18: =SUM(D18:N18) -> 53402928
B19: 2 | C19: Servicio humano sin arma (8 horas diarias de lunes a sábado sin festivos) | D19: =+D10*$B$19 -> 4404765.2 | E19: =+E10*$B$19 -> 6954892.4 | F19: =+F10*$B$19 -> 3424674 | G19: =+G10*$B$19 -> 3447121 | H19: =+H10*$B$19 -> 7068848.9 | I19: =+I10*$B$19 -> 7068848.9 | J19: =+J10*$B$19 -> 7068848.9 | K19: =+K10*$B$19 -> 7068848.9 | ... M19: =+M10*$B$19 -> 7699975.5 | N19: =(N10/30)*11*$B$19 -> 2823324.3 | O19: =SUM(D19:N19) -> 64098997
A20: ASOJUNTAS | B20: 1 | C20: Servicio humano sin arma (8 horas diarias de lunes a sábado sin festivos) | D20: =+D10*$B$20 -> 2202382.6 | E20: =+E10*$B$20 -> 3477446.2 | F20: =+F10*$B$20 -> 1712337 | G20: =+G10*$B$20 -> 1723560.5 | H20: =+H10*$B$20 -> 3534424.5 | I20: =+I10*$B$20 -> 3534424.5 | J20: =+J10*$B$20 -> 3534424.5 | K20: =+K10*$B$20 -> 3534424.5 | ... M20: =+M10*$B$20 -> 3849987.7 | N20: =(N10/30)*11*$B$20 -> 1411662.2 | O20: =SUM(D20:N20) -> 32049499
A21: CASA DE PARTICIPACION DE BOSA | B21: 1 | C21: Servicio humano sin arma las 24 horas del día de Lunes a Domingo) | D21: =+D8*$B$21 -> 9247197.6 | E21: =+E8*$B$21 -> 14600838 | F21: =+F8*$B$21 -> 7167279 | G21: =+G8*$B$21 -> 7214277 | H21: =+H8*$B$21 -> 14840178 | I21: =+I8*$B$21 -> 14840178 | J21: =+J8*$B$21 -> 14840178 | K21: =+K8*$B$21 -> 14840178 | ... M21: =+M8*$B$21 -> 16165395 | N21: =(N8/30)*11*$B$21 -> 5927311.5 | O21: =SUM(D21:N21) -> 1.3452319e+08
B22: 1 | C22: Servicio humano sin arma (8 horas diarias de lunes a sábado sin festivos) | D22: =+D10*$B$22 -> 2202382.6 | E22: =+E10*$B$22 -> 3477446.2 | F22: =+F10*$B$22 -> 1712337 | G22: =+G10*$B$22 -> 1723560.5 | H22: =+H10*$B$22 -> 3534424.5 | I22: =+I10*$B$22 -> 3534424.5 | J22: =+J10*$B$22 -> 3534424.5 | K22: =+K10*$B$22 -> 3534424.5 | ... M22: =+M10*$B$22 -> 3849987.7 | N22: =(N10/30)*11*$B$22 -> 1411662.2 | O22: =SUM(D22:N22) -> 32049499
A23: BODEGA | B23: 1 | C23: Servicio humano sin arma las 24 horas del día de Lunes a Domingo) | D23: =+D8*$B$23 -> 9247197.6 | E23: =+E8*$B$23 -> 14600838 | F23: =+F8*$B$23 -> 7167279 | G23: =+G8*$B$23 -> 7214277 | H23: =+H8*$B$23 -> 14840178 | I23: =+I8*$B$23 -> 14840178 | J23: =+J8*$B$23 -> 14840178 | K23: =+K8*$B$23 -> 14840178 | ... M23: =+M8*$B$23 -> 16165395 | N23: =(N8/30)*11*$B$23 -> 5927311.5 | O23: =SUM(D23:N23) -> 1.3452319e+08
A24: INSPECCIONES | B24: 1 | C24: Servicio humano sin arma las 24 horas del día de Lunes a Domingo) | D24: =+D8*$B$24 -> 9247197.6 | E24: =+E8*$B$24 -> 14600838 | F24: =+F8*$B$24 -> 7167279 | G24: =+G8*$B$24 -> 7214277 | H24: =+H8*$B$24 -> 14840178 | I24: =+I8*$B$24 -> 14840178 | J24: =+J8*$B$24 -> 14840178 | K24: =+K8*$B$24 -> 14840178 | ... M24: =+M8*$B$24 -> 16165395 | N24: =(N8/30)*11*$B$24 -> 5927311.5 | O24: =SUM(D24:N24) -> 1.3452319e+08
C25: Circuito cerrado de television | D25: 9659170 | E25: 15251321 | F25: =+E25 -> 15251321 | G25: =+F25 -> 15251321 | H25: =+G25 -> 15251321 | I25: =+H25 -> 15251321 | J25: =+I25 -> 15251321 | K25: =+J25 -> 15251321 | L25: =+K25 -> 15251321 | M25: =+L25 -> 15251321 | N25: =(M25/30*11) -> 5592151 | O25: =SUM(D25:N25) -> 1.5251321e+08
B26: =SUM(B17:B24) -> 10 | D26: =SUM(D17:D25) -> 59127022 | E26: =SUM(E17:E25) -> 93358456 | F26: =SUM(F17:F25) -> 53624565 | G26: =SUM(G17:G25) -> 53876156 | H26: =SUM(H17:H25) -> 94638634 | I26: =SUM(I17:I25) -> 94638634 | J26: =SUM(J17:J25) -> 94638634 | K26: =SUM(K17:K25) -> 94638634 | ... N26: =SUM(N17:N25) -> 37300068 | O26: =SUM(D26:N26) -> 8.722069e+08
B31: PROYECTO
A32: 1839 | B32: 2810 | C32: Desarrollo Institucional 2810 | D32: =+O17+O20+O21+O22+O23+O24+O25 -> 7.5470497e+08
A33: O21202020080585250 | B33: FUNCIO | C33: Servicios de protección (guardas de seguridad) | D33: =+O18+O19 -> 1.1750192e+08
D34: =SUM(D32:D33) -> 8.722069e+08

Sheet FDLBOSALIC 003-2021 (59820)
A1: Llave 2023 | B1: Elemento | C1: Desviación Estandar | D1: VALOR UNITARIO PROMEDIO O MEDIANA (INCLUIDO IVA SI APLICA) | E1: 01 - Rondacol LTDA | F1: 02 - EXPERTOS SEGURIDAD LTDA | G1: 03 - VIGIAS | H1: 04 - UT MONZON 2021 | I1: 05 - ADPORT LTDA | J1: 06 - MONSERRATE | K1: 07 - E-SECURITY LTDA | L1: 08 - HELAM SEGURIDAD LTDA. | M1: 09 - SEGURIDAD SCANNER LTDA | N1: 10 - EMPRESA DE VIGILANCIA Y SEGURIDAD PRIVADA CARIMAR LTDA | O1: 11 - VIGILANCIA SANTAFEREÑA Y CIA LTDA | P1: 12 - UT LIRA & SHALOM 21 | Q1: 13 - AUTENTICA SEGURIDAD LTDA | R1: 14 - CUIDAR LTDA | S1: 15 - MAGAL VIGILANCIA Y SEGURIDAD PRIVADA LTDA | T1: 16 - UNION TEMPORAL LATCOS 2021 | U1: 17 - TAC SEGURIDAD LTDA | V1: 18 - AZC LTDA | W1: 19 - COVISUR DE COLOMBIA | X1: 20 - seguridad lagus ltda | Y1: 21 - SEGURIDAD LASER LTDA | Z1: 22 - Ut Zima - Securbel | AA1: 23 - Avizor Seguridad LTDA | AB1: 24 - Ut Seguridad Suramerica Mastin 2021 | AC1: 25 - Gcsi Grupo Colombiano De Seguridad Integral LTDA | AD1: 26 - Compañia De Vigilancia PPH Limitada | AE1: 27 - Tecniseg De Colombia LTDA | AF1: 28 - Unión Temporal Mega Security | AG1: 29 - Sevin LTDA. | AH1: 30 - Protevis LTDA | AI1: 31 - Custodiar Limitada | AJ1: 32 - Seguridad Bolivar LTDA | AK1: 33 - Seguridad Digital LTDA | AL1: 34 - Seguridad Nueva Era LTDA | AM1: 35 - Union Temporal Fdlb Cv 2021 | AN1: 36 - Buho Seguridad LTDA. | AO1: 37 - Top Guard | AP1: 38 - Serviconfor LTDA | AQ1: 39 - Union Temporal Seguridad Gr 2021 | AR1: 40 - Compañia Andina De Seguridad Privada LTDA - Andiseg LTDA. | AS1: 41 - Seguridad Thor LTDA | AT1: 42 - Detección LTDA | AU1: 43 - Granadina De Vigilancia Limitada | AV1: 44 - Union Temporal Ac Bosa 2021 | AW1: 45 - Servision De Colombia Y Cia LTDA | AX1: 46 - Olimpo Seguridad | AY1: 47 - Anse LTDA | AZ1: 48 - Union Temporal Vigsel 2021 | BA1: 49 - Lincon Seguridad LTDA | BB1: 50 - Union Temporal Bosa-Caxar-Acon-2021 | BC1: 51 - Risk & Solutions Group LTDA | BD1: 52 - Zehirut LTDA | BE1: 53 - Vipcol LTDA | BF1: 54 - Jmsa | BG1: 55 - Televigilancia LTDA. | BH1: 56 - Celar LTDA | BI1: 57 - Seguridad Fenix De Colombia LTDA | BJ1: 58 - Seguridad Eliar LTDA | BK1: 59 - Unión Temporal Seguridad P&B 2021 | BL1: 60 - Seguridad San Carlos
A2: Elemento 2023 | D2: VALOR UNITARIO PROMEDIO O MEDIANA (INCLUIDO IVA SI APLICA) | E2: Valor Unitario Mensual | F2: Valor Unitario Mensual | G2: Valor Unitario Mensual | H2: Valor Unitario Mensual | I2: Valor Unitario Mensual | J2: Valor Unitario Mensual | K2: Valor Unitario Mensual | L2: Valor Unitario Mensual | M2: Valor Unitario Mensual | N2: Valor Unitario Mensual | O2: Valor Unitario Mensual | P2: Valor Unitario Mensual | Q2: Valor Unitario Mensual | R2: Valor Unitario Mensual | S2: Valor Unitario Mensual | T2: Valor Unitario Mensual | U2: Valor Unitario Mensual | V2: Valor Unitario Mensual | W2: Valor Unitario Mensual | X2: Valor Unitario Mensual | Y2: Valor Unitario Mensual | Z2: Valor Unitario Mensual | AA2: Valor Unitario Mensual | AB2: Valor Unitario Mensual | AC2: Valor Unitario Mensual | AD2: Valor Unitario Mensual | AE2: Valor Unitario Mensual | AF2: Valor Unitario Mensual | AG2: Valor Unitario Mensual | AH2: Valor Unitario Mensual | AI2: Valor Unitario Mensual | AJ2: Valor Unitario Mensual | AK2: Valor Unitario Mensual | AL2: Valor Unitario Mensual | AM2: Valor Unitario Mensual | AN2: Valor Unitario Mensual | AO2: Valor Unitario Mensual | AP2: Valor Unitario Mensual | AQ2: Valor Unitario Mensual | AR2: Valor Unitario Mensual | AS2: Valor Unitario Mensual | AT2: Valor Unitario Mensual | AU2: Valor Unitario Mensual | AV2: Valor Unitario Mensual | AW2: Valor Unitario Mensual | AX2: Valor Unitario Mensual | AY2: Valor Unitario Mensual | AZ2: Valor Unitario Mensual | BA2: Valor Unitario Mensual | BB2: Valor Unitario Mensual | BC2: Valor Unitario Mensual | BD2: Valor Unitario Mensual | BE2: Valor Unitario Mensual | BF2: Valor Unitario Mensual | BG2: Valor Unitario Mensual | BH2: Valor Unitario Mensual | BI2: Valor Unitario Mensual | BJ2: Valor Unitario Mensual | BK2: Valor Unitario Mensual | BL2: Valor Unitario Mensual
A3: Monitor LCD | B3: Monitor LCD de mínimo 24" | C3: =STDEV(E3:BL3)/AVERAGE(E3:BL3) -> 1.0446298 | D3: =ROUND(IF(C3<=0.15,AVERAGE(E3:BL3),MEDIAN(E3:BL3)),0) -> 116559 | E3: 119531 | F3: 122597 | G3: 113315 | H3: 121385 | I3: 127793 | J3: 110070 | K3: 126825 | L3: 102350.37 | M3: 84550 | N3: 753084 | O3: 747419 | P3: 102206 | Q3: 88340 | R3: 633446 | S3: 110703.74 | T3: 111838 | U3: 109703 | V3: 119779 | W3: 125063 | X3: 111549 | Y3: 128769 | Z3: 122825.07 | AA3: 106011.23 | AB3: 84550 | AC3: 108364 | AD3: 100191 | AE3: 117256 | AF3: 128093 | AG3: 107981 | AH3: 111676 | AI3: 98276 | AJ3: 580772 | AK3: 807534 | AL3: 135280 | AM3: 115706 | AN3: 105483 | AO3: 98204 | AP3: 108195.43 | AQ3: 676254 | AR3: 99008 | AS3: 108505 | AT3: 719716 | AU3: 110253 | AV3: 117341 | AW3: 122500 | AX3: 101121 | AY3: 115269 | AZ3: 95217 | BA3: 486161 | BB3: 136224 | BC3: 133870.36 | BD3: 676938 | BE3: 139507 | BF3: 591848 | BG3: 108830 | BH3: 845497 | BI3: 101727.38 | BJ3: 121145 | BK3: 115861 | BL3: 119990
A4: Computador | B4: Computador con monitor LCD | C4: =STDEV(E4:BL4)/AVERAGE(E4:BL4) -> 1.0276727 | D4: =ROUND(IF(C4<=0.15,AVERAGE(E4:BL4),MEDIAN(E4:BL4)),0) -> 788613 | E4: 808721 | F4: 829467 | G4: 767115 | H4: 821267 | I4: 864619 | J4: 744708 | K4: 858069 | L4: 692481.58 | M4: 572046 | N4: 5095213 | O4: 5056886 | P4: 691508 | Q4: 597693 | R4: 4285768 | S4: 748998.77 | T4: 756676 | U4: 742230 | V4: 810398 | W4: 846151 | X4: 754719 | Y4: 871226 | Z4: 831009.17 | AA4: 717250.22 | AB4: 572046 | AC4: 733166 | AD4: 677874 | AE4: 793332 | AF4: 866650 | AG4: 730580 | AH4: 755577 | AI4: 664918 | AJ4: 3929383 | AK4: 5463610 | AL4: 915273 | AM4: 782845 | AN4: 713674 | AO4: 664430 | AP4: 732028.07 | AQ4: 4575395 | AR4: 669866 | AS4: 734126 | AT4: 4869452 | AU4: 745948 | AV4: 793904 | AW4: 828809 | AX4: 684163 | AY4: 779889 | AZ4: 644219 | BA4: 3289264 | BB4: 921661 | BC4: 905739.34 | BD4: 4576367 | BE4: 943876 | BF4: 4004321 | BG4: 736318 | BH4: 4720459 | BI4: 688266.56 | BJ4: 819647 | BK4: 783894 | BL4: 811828
A5: Cámara 1 | B5: Cámara infrarroja | C5: =STDEV(E5:BL5)/AVERAGE(E5:BL5) -> 1.0445845 | D5: =ROUND(IF(C5<=0.15,AVERAGE(E5:BL5),MEDIAN(E5:BL5)),0) -> 94465 | E5: 96873 | F5: 99358 | G5: 91859 | H5: 98376 | I5: 103569 | J5: 89205 | K5: 102784 | L5: 82949.13 | M5: 68523 | N5: 610332 | O5: 605741 | P5: 82833 | Q5: 71595 | R5: 513372 | S5: 89719.055 | T5: 90639 | U5: 88908 | V5: 97074 | W5: 101356 | X5: 90404 | Y5: 104360 | Z5: 99542.698 | AA5: 85916.045 | AB5: 68523 | AC5: 87823 | AD5: 81199 | AE5: 95030 | AF5: 103812 | AG5: 87513 | AH5: 90507 | AI5: 79647 | AJ5: 470682 | AK5: 654460 | AL5: 109636 | AM5: 93773 | AN5: 85488 | AO5: 79588 | AP5: 87686.215 | AQ5: 548065 | AR5: 80240 | AS5: 87937 | AT5: 583289 | AU5: 89354 | AV5: 95098 | AW5: 99280 | AX5: 81953 | AY5: 93419 | AZ5: 77168 | BA5: 394006 | BB5: 110401 | BC5: 108494.27 | BD5: 548182 | BE5: 113062 | BF5: 479659 | BG5: 88200 | BH5: 685227 | BI5: 82444.23 | BJ5: 98182 | BK5: 93899 | BL5: 97245
A6: Cámara 2 | B6: Cámara infrarroja de alta resolución para interior | C6: =STDEV(E6:BL6)/AVERAGE(E6:BL6) -> 1.0445803 | D6: =ROUND(IF(C6<=0.15,AVERAGE(E6:BL6),MEDIAN(E6:BL6)),0) -> 209502 | E6: 214843 | F6: 220355 | G6: 203790 | H6: 218177 | I6: 229693 | J6: 197838 | K6: 227953 | L6: 183963.67 | M6: 151969 | N6: 1353588 | O6: 1343405 | P6: 183705 | Q6: 158782 | R6: 1138551 | S6: 198977.95 | T6: 201017 | U6: 197180 | V6: 215289 | W6: 224787 | X6: 200498 | Y6: 231449 | Z6: 220764.71 | AA6: 190543.67 | AB6: 151969 | AC6: 194772 | AD6: 180083 | AE6: 210756 | AF6: 230233 | AG6: 194085 | AH6: 200726 | AI6: 176641 | AJ6: 1043874 | AK6: 1451455 | AL6: 243150 | AM6: 207969 | AN6: 189594 | AO6: 176511 | AP6: 194469.54 | AQ6: 1215494 | AR6: 177956 | AS6: 195027 | AT6: 1293611.9 | AU6: 198167 | AV6: 210908 | AW6: 220181 | AX6: 181754 | AY6: 207184 | AZ6: 171142 | BA6: 873821 | BB6: 244847 | BC6: 240617.42 | BD6: 1215751 | BE6: 250749 | BF6: 1063782 | BG6: 195609 | BH6: 1519689 | BI6: 182843.91 | BJ6: 217747 | BK6: 208248 | BL6: 215669
A7: Videograbación 1 | B7: Videograbado digital, grabación digital permanente backup mínimo de 30 días y recuperación de novedades en formato de fácil visualización. | C7: =STDEV(E7:BL7)/AVERAGE(E7:BL7) -> 1.0226108 | D7: =ROUND(IF(C7<=0.15,AVERAGE(E7:BL7),MEDIAN(E7:BL7)),0) -> 390913 | E7: 400880 | F7: 411164 | G7: 380260 | H7: 407099 | I7: 428589 | J7: 369149 | K7: 425342 | L7: 343260.76 | M7: 283561 | N7: 2525680 | O7: 2506681 | P7: 342778 | Q7: 296274 | R7: 2124441 | S7: 371276.13 | T7: 375082 | U7: 367921 | V7: 401712 | W7: 419434 | X7: 374112 | Y7: 431864 | Z7: 411928.41 | AA7: 355538.48 | AB7: 283562 | AC7: 363428 | AD7: 336020 | AE7: 393252 | AF7: 429595 | AG7: 362146 | AH7: 374537 | AI7: 329597 | AJ7: 1947782 | AK7: 2708293 | AL7: 453698 | AM7: 388054 | AN7: 353766 | AO7: 329356 | AP7: 362863.82 | AQ7: 2268008 | AR7: 332050 | AS7: 363904 | AT7: 2413771 | AU7: 369764 | AV7: 393536 | AW7: 410838 | AX7: 339137 | AY7: 386725 | AZ7: 319337 | BA7: 1630477 | BB7: 456864 | BC7: 448971.9 | BD7: 2268490 | BE7: 467876 | BF7: 1984928 | BG7: 364991 | BH7: 2135612 | BI7: 341171.38 | BJ7: 406296 | BK7: 388573 | BL7: 402421
A8: Software Visitas | B8: Software de control de visitantes con biométrico; el cual sea compatible con Windows 7, vista, Xp y versiones posteriores y base de datos SQL. | C8: =STDEV(E8:BL8)/AVERAGE(E8:BL8) -> 1.0283171 | D8: =ROUND(IF(C8<=0.15,AVERAGE(E8:BL8),MEDIAN(E8:BL8)),0) -> 413575 | E8: 424120 | F8: 435000 | G8: 402300 | H8: 430700 | I8: 453435 | J8: 390550 | K8: 450000 | L8: 363160.5 | M8: 300000 | N8: 2672100 | O8: 2652000 | P8: 362650 | Q8: 313450 | R8: 2247600 | S8: 392800 | T8: 396826 | U8: 389250 | V8: 425000 | W8: 443750 | X8: 395800 | Y8: 456900 | Z8: 435809 | AA8: 376150 | AB8: 300000 | AC8: 384497 | AD8: 355500 | AE8: 416050 | AF8: 454500 | AG8: 383141 | AH8: 396250 | AI8: 348705 | AJ8: 2060700 | AK8: 2865300 | AL8: 480000 | AM8: 410550 | AN8: 374275 | AO8: 348450 | AP8: 383900 | AQ8: 2399490 | AR8: 351300 | AS8: 385000 | AT8: 2553704 | AU8: 391200 | AV8: 416350 | AW8: 434655 | AX8: 358798 | AY8: 409000 | AZ8: 337850 | BA8: 1725000 | BB8: 483350 | BC8: 475000 | BD8: 2400000 | BE8: 495000 | BF8: 2100000 | BG8: 386150 | BH8: 2500000 | BI8: 360950 | BJ8: 429850 | BK8: 411100 | BL8: 425750
A9: Lector Codigos | B9: Lector de código de las cedulas de ciudadanía. | C9: =STDEV(E9:BL9)/AVERAGE(E9:BL9) -> 1.0445803 | D9: =ROUND(IF(C9<=0.15,AVERAGE(E9:BL9),MEDIAN(E9:BL9)),0) -> 269924 | E9: 276806 | F9: 283907 | G9: 262565 | H9: 281101 | I9: 295939 | J9: 254896 | K9: 293697 | L9: 237020.45 | M9: 195798 | N9: 1743974 | O9: 1730855 | P9: 236687 | Q9: 204576 | R9: 1466919 | S9: 256364.98 | T9: 258993 | U9: 254048 | V9: 277381 | W9: 289618 | X9: 258323 | Y9: 298201 | Z9: 284435.25 | AA9: 245498.18 | AB9: 195799 | AC9: 250946 | AD9: 232021 | AE9: 271539 | AF9: 296634 | AG9: 250061 | AH9: 258617 | AI9: 227586 | AJ9: 1344937 | AK9: 1870068 | AL9: 313277 | AM9: 267950 | AN9: 244274 | AO9: 227419 | AP9: 250556.3 | AQ9: 1566052 | AR9: 229280 | AS9: 251274 | AT9: 1666701 | AU9: 255321 | AV9: 271735 | AW9: 283682 | AX9: 234173 | AY9: 266938 | AZ9: 220501 | BA9: 1125839 | BB9: 315463 | BC9: 310013.66 | BD9: 1566385 | BE9: 323067 | BF9: 1370587 | BG9: 252025 | BH9: 1957981 | BI9: 235577.75 | BJ9: 280546 | BK9: 268309 | BL9: 277870
A10: Cámara 3 | B10: Cámara de alta resolución que permita tener el registro fotográfico de los visitantes | C10: =STDEV(E10:BL10)/AVERAGE(E10:BL10) -> 1.0445803 | D10: =ROUND(IF(C10<=0.15,AVERAGE(E10:BL10),MEDIAN(E10:BL10)),0) -> 43012 | E10: 44108 | F10: 45240 | G10: 41840 | H10: 44793 | I10: 47157 | J10: 40617 | K10: 46800 | L10: 37768.69 | M10: 31200 | N10: 277898 | O10: 275808 | P10: 37716 | Q10: 32599 | R10: 233750 | S10: 40851.2 | T10: 41270 | U10: 40482 | V10: 44200 | W10: 46150 | X10: 41163 | Y10: 47518 | Z10: 45324.136 | AA10: 39119.6 | AB10: 31200 | AC10: 39988 | AD10: 36972 | AE10: 43269 | AF10: 47268 | AG10: 39847 | AH10: 41210 | AI10: 36265 | AJ10: 214313 | AK10: 297991 | AL10: 49920 | AM10: 42697 | AN10: 38925 | AO10: 36238 | AP10: 39925.6 | AQ10: 249547 | AR10: 36535 | AS10: 40040 | AT10: 265585 | AU10: 40685 | AV10: 43300 | AW10: 45204 | AX10: 37315 | AY10: 42536 | AZ10: 35136 | BA10: 179400 | BB10: 50268 | BC10: 49400 | BD10: 249600 | BE10: 51480 | BF10: 218400 | BG10: 40160 | BH10: 312000 | BI10: 37538.8 | BJ10: 44704 | BK10: 42754 | BL10: 44278
A11: Impresora Stickers | B11: Maquina impresora de stickers que permita identificar los visitantes que ingresan con datos mínimos | C11: =STDEV(E11:BL11)/AVERAGE(E11:BL11) -> 1.0445806 | D11: =ROUND(IF(C11<=0.15,AVERAGE(E11:BL11),MEDIAN(E11:BL11)),0) -> 99258 | E11: 101789 | F11: 104400 | G11: 96550 | H11: 103368 | I11: 108824 | J11: 93732 | K11: 108000 | L11: 87158.52 | M11: 72000 | N11: 641304 | O11: 636480 | P11: 87036 | Q11: 75228 | R11: 539424 | S11: 94272 | T11: 95238 | U11: 93420 | V11: 102000 | W11: 106500 | X11: 94992 | Y11: 109656 | Z11: 104594.16 | AA11: 90276 | AB11: 72000 | AC11: 92279 | AD11: 85320 | AE11: 99852 | AF11: 109080 | AG11: 91954 | AH11: 95100 | AI11: 83689 | AJ11: 494568 | AK11: 687672 | AL11: 115200 | AM11: 98532 | AN11: 89826 | AO11: 83628 | AP11: 92136 | AQ11: 575878 | AR11: 84312 | AS11: 92400 | AT11: 612889 | AU11: 93888 | AV11: 99924 | AW11: 104317 | AX11: 86112 | AY11: 98160 | AZ11: 81084 | BA11: 414000 | BB11: 116004 | BC11: 114000 | BD11: 576000 | BE11: 118800 | BF11: 504000 | BG11: 92676 | BH11: 720000 | BI11: 86628 | BJ11: 103164 | BK11: 98664 | BL11: 102180
A12: Arco Ingreso | B12: Arco para el control de ingreso | C12: =STDEV(E12:BL12)/AVERAGE(E12:BL12) -> 1.0445765 | D12: =ROUND(IF(C12<=0.15,AVERAGE(E12:BL12),MEDIAN(E12:BL12)),0) -> 1043163 | E12: 1069760 | F12: 1097203 | G12: 1014725 | H12: 1086357 | I12: 1143702 | J12: 985086 | K12: 1135037 | L12: 916001.67 | M12: 756692 | N12: 6739852 | O12: 6689154 | P12: 914714 | Q12: 790617 | R12: 5669133 | S12: 990761.53 | T12: 1000916 | U12: 981807 | V12: 1071980 | W12: 1119273 | X12: 998328 | Y12: 1152441 | Z12: 1099243.4 | AA12: 948765.15 | AB12: 756961 | AC12: 969819 | AD12: 896680 | AE12: 1049405 | AF12: 1146388 | AG12: 966397 | AH12: 999463 | AI12: 879540 | AJ12: 5197715 | AK12: 7227161 | AL12: 1210707 | AM12: 1035532 | AN12: 944035 | AO12: 878896 | AP12: 968313.02 | AQ12: 6052246 | AR12: 886086 | AS12: 971088 | AT12: 6441220 | AU12: 986726 | AV12: 1050162 | AW12: 1096333 | AX12: 904998 | AY12: 1031622 | AZ12: 852160 | BA12: 4350977 | BB12: 1219156 | BC12: 1198095 | BD12: 6053533 | BE12: 1248541 | BF12: 5296841 | BG12: 973988 | BH12: 7566916 | BI12: 910426.11 | BJ12: 1084213 | BK12: 1036920 | BL12: 1073871
A13: Sistema de Monitoreo | B13: Sistema de monitoreo con alarma las 24 horas del día, los 7 días de la semana. | C13: =STDEV(E13:BL13)/AVERAGE(E13:BL13) -> 1.026997 | D13: =ROUND(IF(C13<=0.15,AVERAGE(E13:BL13),MEDIAN(E13:BL13)),0) -> 751044 | E13: 770193 | F13: 789951 | G13: 730570 | H13: 782142 | I13: 823428 | J13: 709230 | K13: 817190 | L13: 659491.72 | M13: 544794 | N13: 4852477 | O13: 4815975 | P13: 658565 | Q13: 569219 | R13: 4081594 | S13: 713316.42 | T13: 720628 | U13: 706870 | V13: 771791 | W13: 805841 | X13: 718764 | Y13: 829721 | Z13: 791419.85 | AA13: 683080.38 | AB13: 544794 | AC13: 698238 | AD13: 645580 | AE13: 755538 | AF13: 825362 | AG13: 695775 | AH13: 719582 | AI13: 633241 | AJ13: 3742187 | AK13: 5203324 | AL13: 871670 | AM13: 745550 | AN13: 679675 | AO13: 632777 | AP13: 697154.21 | AQ13: 4357423 | AR13: 637953 | AS13: 699152 | AT13: 4637471 | AU13: 710411 | AV13: 756083 | AW13: 789324 | AX13: 651570 | AY13: 742735 | AZ13: 613528 | BA13: 3132563 | BB13: 877753 | BC13: 862589.87 | BD13: 4358349 | BE13: 898909 | BF13: 3813555 | BG13: 701240 | BH13: 4447936 | BI13: 655477.5 | BJ13: 780598 | BK13: 746549 | BL13: 773153
A14: Radio de comunicación | B14: Radio que permita tener comunicación entre los puestos, la central y la supervisión del contrato (con batería y cargador) | C14: =STDEV(E14:BL14)/AVERAGE(E14:BL14) -> 1.3817625 | D14: =ROUND(IF(C14<=0.15,AVERAGE(E14:BL14),MEDIAN(E14:BL14)),0) -> 67903 | E14: 69634 | F14: 71421 | G14: 66050 | H14: 70715 | I14: 74448 | J14: 64123 | K14: 73884 | L14: 59625.75 | M14: 49256 | N14: 438721 | O14: 435420 | P14: 59542 | Q14: 51464 | R14: 369024 | S14: 64492.13 | T14: 65153 | U14: 63909 | V14: 69779 | W14: 72857 | X14: 64985 | Y14: 75016 | Z14: 71553.591 | AA14: 61758.439 | AB14: 49256 | AC14: 63129 | AD14: 58368 | AE14: 68309 | AF14: 74623 | AG14: 62906 | AH14: 65059 | AI14: 57252 | AJ14: 338337 | AK14: 470441 | AL14: 78809 | AM14: 67406 | AN14: 61451 | AO14: 57209 | AP14: 63030.877 | AQ14: 393962 | AR14: 57678 | AS14: 63211 | AT14: 419281.5 | AU14: 64229 | AV14: 68359 | AW14: 71364 | AX14: 58909 | AY14: 67152 | AZ14: 55470 | BA14: 283220 | BB14: 79359 | BC14: 77988.192 | BD14: 394046 | BE14: 81272 | BF14: 344790 | BG14: 63400 | BH14: 1270228 | BI14: 59262.82 | BJ14: 70575 | BK14: 67497 | BL14: 69902

Sheet 338-2022 CTO-PS (72300)
A1: ITEM | B1: LLAVE 2023 | C1: PRODUCTO O SERVICIO | D1: UNIDAD DE MEDIDA A COTIZAR | E1: Desviación Estandar | F1: VALOR UNITARIO PROMEDIO O MEDIANA (INCLUIDO IVA SI APLICA) | G1: SEGURIDAD SCANNER LTDA | H1: COMPAÑIA DE VIGILANCIA PRIVADA SERSECOL LTDA | I1: UT SEGURIDAD 2022 | J1: SEGURITEL LTDA | K1: COMPAÑÍA DE VIGILANCIA PRIVADA VIGILISTA LTDA. | L1: ZEHIRUT LTDA
A2: 1 | B2: Monitor LCD | C2: Monitor LCD | Monitor LCD O LED de mínimo 24" - Mes de servicio | LCD O LED de 24". Resolucion minima de 1920 * 1080 | D2: MES | E2: =STDEV(G2:L2)/AVERAGE(G2:L2) -> 1.6154146 | F2: =ROUND(IF(E2<=0.15,AVERAGE(G2:L2),MEDIAN(G2:L2)),0) -> 1 | G2: 61966 | H2: 1 | I2: 1 | J2: 1 | K2: 1 | L2: 101399
A3: 2 | B3: Computador | C3: Computador | Computador Escritorio con monitor LCD - Mes de servicio | Computador con monitor Lcd o Led con un Procesador Intel core I3 ó AMD R3. Disco duro de 500 GB. RAM de 4 GB. Sistemas operativo Windows 10 especificaciones "minimas" | D3: MES | E3: =STDEV(G3:L3)/AVERAGE(G3:L3) -> 1.615457 | F3: =ROUND(IF(E3<=0.15,AVERAGE(G3:L3),MEDIAN(G3:L3)),0) -> 1 | G3: 230119 | H3: 1 | I3: 1 | J3: 1 | K3: 1 | L3: 376559
A4: 3 | B4: Cámara 1 | C4: Cámara 1 | Cámara infrarroja de alta resolución para exteriores - Mes de servicio | De alta resolución (1.080 P) para exteriores. 1920×1080 Pixeles full HD, especificaciones "minimas" | D4: MES | E4: =STDEV(G4:L4)/AVERAGE(G4:L4) -> 1.615372 | F4: =ROUND(IF(E4<=0.15,AVERAGE(G4:L4),MEDIAN(G4:L4)),0) -> 1 | G4: 34468 | H4: 1 | I4: 1 | J4: 1 | K4: 1 | L4: 56403
A5: 4 | B5: Cámara 2 | C5: Cámara 2 | Cámara infrarroja de alta resolución para interior - Mes de servicio | De alta resolución (1.080 P) para interiores. 1920×1080 Pixeles full HD especificaciones "minimas" | D5: MES | E5: =STDEV(G5:L5)/AVERAGE(G5:L5) -> 1.6153506 | F5: =ROUND(IF(E5<=0.15,AVERAGE(G5:L5),MEDIAN(G5:L5)),0) -> 1 | G5: 27227 | H5: 1 | I5: 1 | J5: 1 | K5: 1 | L5: 44555
A6: 5 | B6: Cámara 3 | C6: Cámara 3 | Cámara de alta resolución que permita tener el registro fotográfico de los visitantes; el cual debe ser compatible con el software de control de visitantes, con el fin de que quede en el registro. - Mes de servicio | Cámara de alta resolución que permita tener el registro fotográfico de los visitantes; el cual debe ser compatible con el software de control de visitantes, con el fin de que quede en el registro. - Mes de servicio | D6: MES | E6: =STDEV(G6:L6)/AVERAGE(G6:L6) -> 1.6153615 | F6: =ROUND(IF(E6<=0.15,AVERAGE(G6:L6),MEDIAN(G6:L6)),0) -> 1 | G6: 30427 | H6: 1 | I6: 1 | J6: 1 | K6: 1 | L6: 49791
A7: 6 | B7: Videograbación 1 | C7: Videograbación 1 | Videograbado digital, grabación digital permanente backup mínimo de 30 días y recuperación de novedades en formato de fácil visualización. - Mes de servicio | Disco Duro de minimo 4 TB ó 6 TB (dependiendo la sede)con grabacion digital permanente minimo de 30 dias y recuperacion de novedades en formato de facil visualizacion. Búsqueda exacta (hora/fecha). Reproducir, pausa, detener, rebobinado, reproduccón rápida, reproducción lenta, siguiente archivo, archivo anterior, siguiente cámara, cámara anterior, pantalla completa, repetición, reproducción aleatoria, selecciónde copia de seguridad, zoom digital. Puertos USB, HDMI, Ethernet (RJ-45) y VGA | D7: MES | E7: =STDEV(G7:L7)/AVERAGE(G7:L7) -> 1.6154496 | F7: =ROUND(IF(E7<=0.15,AVERAGE(G7:L7),MEDIAN(G7:L7)),0) -> 1 | G7: 146984 | H7: 1 | I7: 1 | J7: 1 | K7: 1 | L7: 240521
A8: 7 | B8: Software Visitas | C8: Software Visitas | Software de control de visitantes con biométrico; el cual sea compatible con Windows 7, vista, XP y versiones posteriores y base de datos SQL. - Mes de servicio | Software de control visitantes con biometrico compatible con Windows 10, 8, 7, Vista, XP y base de datos SQL. El cual permita registrar en la base de datos el nombre, fecha y hora del visitante. Debe permitir realizar informes estadísticos de la cantidad de visitantes, hora ingreso-salida, y demás reportes | D8: MES | E8: =STDEV(G8:L8)/AVERAGE(G8:L8) -> 1.6154436 | F8: =ROUND(IF(E8<=0.15,AVERAGE(G8:L8),MEDIAN(G8:L8)),0) -> 1 | G8: 120950 | H8: 1 | I8: 1 | J8: 1 | K8: 1 | L8: 197919
A9: 8 | B9: Lector Codigos | C9: Lector Codigos | Lector de código de las cedulas de ciudadanía, que permita registrar en la base de datos automáticamente los datos de los visitantes. - Mes de servicio | Lector codigo de barras de las cedulas de ciudadanía que permita registrar automaticamente en la base de datos la información de los visitantes. Conexión alambrica via USB. Códigos soportados: CPC Binary, Codabar, Code 11, Code 128, Code 128A, Code 128B, Code 128C, Code 25 (IR 2 of 5), Code 25 (non-IR 2 of 5), Code 32, Code 39, Code 93, DUN 14, EAN 2, EAN 5, EAN-13, EAN-8, Facing Identification Mark, GS1-128 (UCC/EAN-128), HIBC, ITF-14, Intelligent Mail, JAN, Latent image, MSI, PLANET, POSTNET, Pharmacode, Plessey, PostBar, RM4SCC / KIX, S-Code, Telepen, Trioptic, U.P.C. | D9: MES | E9: =STDEV(G9:L9)/AVERAGE(G9:L9) -> 1.6154255 | F9: =ROUND(IF(E9<=0.15,AVERAGE(G9:L9),MEDIAN(G9:L9)),0) -> 1 | G9: 71922 | H9: 1 | I9: 1 | J9: 1 | K9: 1 | L9: 117692
A10: 9 | B10: Impresora Stickers | C10: Impresora Stickers | Maquina impresora de stickers que permita identificar los visitantes que ingresan con datos mínimos como: nombre completo, tipo de documento, numero de documento, fotografía, hora de ingreso, oficina a la cual se dirige y persona que autorizo el ingreso El proponente adjudicatario deberá garantizar los insumos necesarios para el adecuado funcionamiento (Stickers adhesivos, tinta y mantenimiento) durante toda la ejecución del contrato. - Mes de servicio | Debe permitir identificar a los visitantes datos como nombre completo, tipo de documento,número de documento, fotografía, hora de ingreso, oficina a la cual se dirige,y quien autoriza. El elemento debe tener tecnología térmica de impresión que debe soportar sistema operativo Windows 7, 8, 10 con conexion alámbrica tipo USB.El proponente adjudicatario deberá garantizar los insumos necesarios para el adecuado funcionamiento (Stickers adhesivos, tinta y mantenimiento) durante toda la ejecución del contrato. | D10: MES | E10: =STDEV(G10:L10)/AVERAGE(G10:L10) -> 1.6153956 | F10: =ROUND(IF(E10<=0.15,AVERAGE(G10:L10),MEDIAN(G10:L10)),0) -> 1 | G10: 44899 | H10: 1 | I10: 1 | J10: 1 | K10: 1 | L10: 73472
A11: 10 | B11: Arco Ingreso | C11: Arco Ingreso | Arco para el control de ingreso - Mes de servicio | Arco - de Paso que provee detección superior de objetivos con discriminación desasociada de artículos inofensivos como monedas, joyería, llaves, cajas de cigarros y tacones de zapatos. con detección puntual 33 zonas, seguridad y confiabilidad con programas preestablecidos para cubrir la mas amplia gama de aplicaciones de seguridad, mes de servicio | D11: MES | E11: =STDEV(G11:L11)/AVERAGE(G11:L11) -> 1.6154664 | F11: =ROUND(IF(E11<=0.15,AVERAGE(G11:L11),MEDIAN(G11:L11)),0) -> 1 | G11: 593417 | H11: 1 | I11: 1 | J11: 1 | K11: 1 | L11: 971047
A12: 11 | B12: Sistema de Monitoreo | C12: Sistema de Monitoreo | Sistema de monitoreo con alarma las 24 horas del dia, los 7 dias de la semana. - Mes de servicio | Se requieren unicamente medios tecnológicos y monitoreo de alarma los 7 dias de la semana 24 horas, sin perjuicio de lo anterior, este inmueble puede ser modificado según los intereses de la Entidad | D12: MES | E12: =STDEV(G12:L12)/AVERAGE(G12:L12) -> 1.6154643 | F12: =ROUND(IF(E12<=0.15,AVERAGE(G12:L12),MEDIAN(G12:L12)),0) -> 1 | G12: 427241 | H12: 1 | I12: 1 | J12: 1 | K12: 1 | L12: 699123
A13: 12 | B13: Radio de comunicación | C13: Radio de comunicación | Radio que permita tener comunicación entre los puestos, la central y la supervision del contrato (con bateria y cargador) - Mes de servicio | Radioteléfono digital portátil con identificación única de 11 dígitos, Con tecnología FHSS con 7 zonas de 50 frecuencias que no se repiten para un total de 350 frecuencias disponibles que mejore la seguridad y privacidad de las comunicaciones, (con bateria y cargador). Mes de servicio | D13: MES | E13: =STDEV(G13:L13)/AVERAGE(G13:L13) -> 1.6153843 | F13: =ROUND(IF(E13<=0.15,AVERAGE(G13:L13),MEDIAN(G13:L13)),0) -> 1 | G13: 38627 | H13: 1 | I13: 1 | J13: 1 | K13: 1 | L13: 63209

Sheet EstudioMercado 2022
B2: {="RESUMEN COTIZACIONES DE PRECIOS - "&MID(CELL("FILENAME",A1),FIND("[",CELL("FILENAME",A1))+1,FIND("]",CELL("FILENAME",A1))-FIND("[",CELL("FILENAME",A1))-6)} -> #VALUE!
H3: 01 - CORINSA LTDA | I3: 02 - INTERCONTINENTAL DE SEGURIDAD LIMITADA | J3: 03 - RISK & SOLUTIONS GROUP LTDA | K3: 04 - PATROL SECURITY LTDA | L3: 05 - Convivamos Seguridad Privada Ltda | M3: CIRCULAR (INTERNA O EXTERNA) Nº 20211300000225 | N3: Estudio de M;ercado 2021 | O3: Seguridad Scanner - Contrato 322-2021 CPS (59820)
B4: ITEM | C4: PRODUCTO O SERVICIO | D4: ESPECIFICACION TECNICA | E4: DESCRIPCION TECNICA | F4: UNIDAD DE MEDIDA A COTIZAR | G4: CANTIDAD A COTIZAR | H4: Cotización 1 VALOR UNITARIO (INCLUIDO IVA SI APLICA) | I4: Cotización 2 VALOR UNITARIO (INCLUIDO IVA SI APLICA) | J4: Cotización 3 VALOR UNITARIO (INCLUIDO IVA SI APLICA) | K4: Cotización 4 VALOR UNITARIO (INCLUIDO IVA SI APLICA) | L4: Cotización 5 VALOR UNITARIO (INCLUIDO IVA SI APLICA) | M4: Cotización 6 VALOR UNITARIO (INCLUIDO IVA SI APLICA) | N4: Cotización 7 VALOR UNITARIO (INCLUIDO IVA SI APLICA) | O4: Cotización 8 VALOR UNITARIO (INCLUIDO IVA SI APLICA) | P4: Cotización 9 VALOR UNITARIO (INCLUIDO IVA SI APLICA) | Q4: Cotización 10 VALOR UNITARIO (INCLUIDO IVA SI APLICA) | R4: Cotización11 VALOR UNITARIO (INCLUIDO IVA SI APLICA) | S4: Cotización 12 VALOR UNITARIO (INCLUIDO IVA SI APLICA) | T4: VALOR UNITARIO PROMEDIO O MEDIANA (INCLUIDO IVA SI APLICA) | U4: VALOR PROMEDIO O MEDIANA TOTAL (INCLUIDO IVA SI APLICA) | V4: FUENTE DE CONSULTA | W4: DESVIACIÓN ESTÁNDAR | X4: SI DESVEST ES >15% SE PROMEDIA CON MEDIANA | Z4: Cotizaciones Elemento | AA4: Probabilidad de ahorro
B5: 1 | C5: Talento Humano Seguridad 1 | D5: Servicio humano sin arma las 24 horas del día de Lunes a Domingo) - Mes de servicio | E5: Tener en cuenta tarifas reglamentadas en la Circular Nº 20211300000225 | F5: Mes | G5: 1 | H5: 9500000 | I5: 9504000 | J5: 9684576 | K5: 9648576 | L5: 9684563 | M5: =TalentoHumano_2022!I22 -> 9684576 | T5: =IFERROR(IF(X5>(0.15),ROUND(MEDIAN(H5:S5),0),ROUND(AVERAGE(H5:S5),0)),"") -> 9684576 | U5: =IFERROR(T5*G5,"") -> 9684576 | V5: CIRCULAR (INTERNA O EXTERNA) Nº 20211300000225 SuperVigilancia | W5: =IFERROR(STDEV(H5:S5),"") | X5: =IFERROR(W5/AVERAGE(H5:S5),"") | Z5: =COUNTIF(H5:S5,">0") -> 1
B6: 2 | C6: Talento Humano Seguridad 2 | D6: Servicio humano sin arma (8 horas diarias de lunes a viernes sin festivos) - Mes de servicio | E6: Tener en cuenta tarifas reglamentadas en la Circular Nº 20211300000225 | F6: Mes | G6: 1 | H6: 1890000 | I6: 1927274 | J6: 1927274 | K6: 3613638 | L6: 2697720 | M6: =TalentoHumano_2022!I23 -> 1927273.5 | T6: =IFERROR(IF(X6>(0.15),ROUND(MEDIAN(H6:S6),0),ROUND(AVERAGE(H6:S6),0)),"") -> 1927274 | U6: =IFERROR(T6*G6,"") -> 1927274 | V6: CIRCULAR (INTERNA O EXTERNA) Nº 20211300000225 SuperVigilancia | W6: =IFERROR(STDEV(H6:S6),"") | X6: =IFERROR(W6/AVERAGE(H6:S6),"") | Z6: =COUNTIF(H6:S6,">0") -> 1
B7: 3 | C7: Talento Humano Seguridad 3 | D7: Servicio humano sin arma (8 horas diarias de lunes a sábado sin festivos) - Mes de servicio | E7: Tener en cuenta tarifas reglamentadas en la Circular Nº 20211300000225 | F7: Mes | G7: 1 | H7: 2260000 | I7: 2312728 | J7: 2312728 | K7: 4255511 | L7: 2903085 | M7: =TalentoHumano_2022!I24 -> 2312728.5 | T7: =IFERROR(IF(X7>(0.15),ROUND(MEDIAN(H7:S7),0),ROUND(AVERAGE(H7:S7),0)),"") -> 2312728 | U7: =IFERROR(T7*G7,"") -> 2312728 | V7: CIRCULAR (INTERNA O EXTERNA) Nº 20211300000225 SuperVigilancia | W7: =IFERROR(STDEV(H7:S7),"") | X7: =IFERROR(W7/AVERAGE(H7:S7),"") | Z7: =COUNTIF(H7:S7,">0") -> 1
B8: 4 | C8: Monitor LCD | D8: Monitor LCD O LED de mínimo 24" - Mes de servicio | E8: LCD O LED de 24". Resolucion minima de 1920 * 1080 | F8: Mes | G8: 1 | H8: 100000 | I8: 145031 | J8: 112500 | K8: 112832 | N8: ='EstudioMercado 2021'!K6 -> 150695 | O8: =SeguridadScanner!C5 -> 90417 | T8: =IFERROR(IF(X8>(0.15),ROUND(MEDIAN(H8:S8),0),ROUND(AVERAGE(H8:S8),0)),"") -> 112666 | U8: =IFERROR(T8*G8,"") -> 112666 | V8: FDLB-SIP-C-007-2022 | W8: =IFERROR(STDEV(H8:S8),"") -> 24246.259 | X8: =IFERROR(W8/AVERAGE(H8:S8),"") -> 0.20447318 | Z8: =COUNTIF(H8:S8,">0") -> 6 | AA8: =1-(MIN(H8:S8)/T8) -> 0.1974775
B9: 5 | C9: Computador | D9: Computador Escritorio con monitor LCD - Mes de servicio | E9: Computador con monitor Lcd o Led con un Procesador Intel core I3 ó AMD R3. Disco duro de 500 GB. RAM de 4 GB. Sistemas operativo Windows 10 especificaciones "minimas" | F9: Mes | G9: 1 | H9: 100000 | I9: 597528 | J9: 231250 | K9: 239269 | N9: ='EstudioMercado 2021'!K7 -> 1019576 | O9: =SeguridadScanner!C6 -> 611745 | T9: =IFERROR(IF(X9>(0.15),ROUND(MEDIAN(H9:S9),0),ROUND(AVERAGE(H9:S9),0)),"") -> 418399 | U9: =IFERROR(T9*G9,"") -> 418399 | V9: FDLB-SIP-C-007-2022 | W9: =IFERROR(STDEV(H9:S9),"") -> 342185.98 | X9: =IFERROR(W9/AVERAGE(H9:S9),"") -> 0.73342122 | Z9: =COUNTIF(H9:S9,">0") -> 6 | AA9: =1-(MIN(H9:S9)/T9) -> 0.76099369
B10: 6 | C10: Cámara 1 | D10: Cámara infrarroja de alta resolución para exteriores - Mes de servicio | E10: De alta resolución (1.080 P) para exteriores. 1920×1080 Pixeles full HD, especificaciones "minimas" | F10: Mes | G10: 1 | H10: 30000 | I10: 76384 | J10: 33750 | K10: 52062 | N10: ='EstudioMercado 2021'!K8 -> 122130 | O10: =SeguridadScanner!C7 -> 73278 | T10: =IFERROR(IF(X10>(0.15),ROUND(MEDIAN(H10:S10),0),ROUND(AVERAGE(H10:S10),0)),"") -> 62670 | U10: =IFERROR(T10*G10,"") -> 62670 | V10: FDLB-SIP-C-007-2022 | W10: =IFERROR(STDEV(H10:S10),"") -> 34146.611 | X10: =IFERROR(W10/AVERAGE(H10:S10),"") -> 0.52857985 | Z10: =COUNTIF(H10:S10,">0") -> 6 | AA10: =1-(MIN(H10:S10)/T10) -> 0.52130206
B11: 7 | C11: Cámara 2 | D11: Cámara infrarroja de alta resolución para interior - Mes de servicio | E11: De alta resolución (1.080 P) para interiores. 1920×1080 Pixeles full HD especificaciones "minimas" | F11: Mes | G11: 1 | H11: 30000 | I11: 46947 | J11: 25000 | K11: 52062 | N11: ='EstudioMercado 2021'!K9 -> 270859 | O11: =SeguridadScanner!C8 -> 162515 | T11: =IFERROR(IF(X11>(0.15),ROUND(MEDIAN(H11:S11),0),ROUND(AVERAGE(H11:S11),0)),"") -> 49505 | U11: =IFERROR(T11*G11,"") -> 49505 | V11: FDLB-SIP-C-007-2022 | W11: =IFERROR(STDEV(H11:S11),"") -> 98703.662 | X11: =IFERROR(W11/AVERAGE(H11:S11),"") -> 1.0082382 | Z11: =COUNTIF(H11:S11,">0") -> 6 | AA11: =1-(MIN(H11:S11)/T11) -> 0.4950005
B12: 8 | C12: Cámara 3 | D12: Cámara de alta resolución que permita tener el registro fotográfico de los visitantes; el cual debe ser compatible con el software de control de visitantes, con el fin de que quede en el registro. - Mes de servicio | E12: Cámara de alta resolución que permita tener el registro fotográfico de los visitantes; el cual debe ser compatible con el software de control de visitantes, con el fin de que quede en el registro. - Mes de servicio | F12: Mes | G12: 1 | H12: 50000 | I12: 85504 | J12: 56250 | K12: 55037 | N12: ='EstudioMercado 2021'!K13 -> 55608 | O12: =SeguridadScanner!C12 -> 33365 | T12: =IFERROR(IF(X12>(0.15),ROUND(MEDIAN(H12:S12),0),ROUND(AVERAGE(H12:S12),0)),"") -> 55323 | U12: =IFERROR(T12*G12,"") -> 55323 | V12: FDLB-SIP-C-007-2022 | W12: =IFERROR(STDEV(H12:S12),"") -> 16852.083 | X12: =IFERROR(W12/AVERAGE(H12:S12),"") -> 0.30114157 | Z12: =COUNTIF(H12:S12,">0") -> 6 | AA12: =1-(MIN(H12:S12)/T12) -> 0.39690545
B13: 9 | C13: Videograbación 1 | D13: Videograbado digital, grabación digital permanente backup mínimo de 30 días y recuperación de novedades en formato de fácil visualización. - Mes de servicio | E13: Disco Duro de minimo 4 TB ó 6 TB (dependiendo la sede)con grabacion digital permanente minimo de 30 dias y recuperacion de novedades en formato de facil visualizacion. Búsqueda exacta (hora/fecha). Reproducir, pausa, detener, rebobinado, reproduccón rápida, reproducción lenta, siguiente archivo, archivo anterior, siguiente cámara, cámara anterior, pantalla completa, repetición, reproducción aleatoria, selecciónde copia de seguridad, zoom digital. Puertos USB, HDMI, Ethernet (RJ-45) y VGA | F13: Mes | G13: 1 | H13: 100000 | I13: 933815 | J13: 231250 | K13: 96687 | N13: ='EstudioMercado 2021'!K10 -> 505400 | O13: =SeguridadScanner!C9 -> 303240 | T13: =IFERROR(IF(X13>(0.15),ROUND(MEDIAN(H13:S13),0),ROUND(AVERAGE(H13:S13),0)),"") -> 267245 | U13: =IFERROR(T13*G13,"") -> 267245 | V13: FDLB-SIP-C-007-2022 | W13: =IFERROR(STDEV(H13:S13),"") -> 318470.98 | X13: =IFERROR(W13/AVERAGE(H13:S13),"") -> 0.88040587 | Z13: =COUNTIF(H13:S13,">0") -> 6 | AA13: =1-(MIN(H13:S13)/T13) -> 0.63820839
B14: 10 | C14: Software Visitas | D14: Software de control de visitantes con biométrico; el cual sea compatible con Windows 7, vista, XP y versiones posteriores y base de datos SQL. - Mes de servicio | E14: Software de control visitantes con biometrico compatible con Windows 10, 8, 7, Vista, XP y base de datos SQL. El cual permita registrar en la base de datos el nombre, fecha y hora del visitante. Debe permitir realizar informes estadísticos de la cantidad de visitantes, hora ingreso-salida, y demás reportes | F14: Mes | G14: 1 | H14: 30000 | I14: 388683 | J14: 92500 | K14: 119000 | N14: ='EstudioMercado 2021'!K11 -> 534700 | O14: =SeguridadScanner!C10 -> 320820 | T14: =IFERROR(IF(X14>(0.15),ROUND(MEDIAN(H14:S14),0),ROUND(AVERAGE(H14:S14),0)),"") -> 219910 | U14: =IFERROR(T14*G14,"") -> 219910 | V14: FDLB-SIP-C-007-2022 | W14: =IFERROR(STDEV(H14:S14),"") -> 197805.82 | X14: =IFERROR(W14/AVERAGE(H14:S14),"") -> 0.79883728 | Z14: =COUNTIF(H14:S14,">0") -> 6 | AA14: =1-(MIN(H14:S14)/T14) -> 0.86358056
B15: 11 | C15: Lector Codigos | D15: Lector de código de las cedulas de ciudadanía, que permita registrar en la base de datos automáticamente los datos de los visitantes. - Mes de servicio | E15: Lector codigo de barras de las cedulas de ciudadanía que permita registrar automaticamente en la base de datos la información de los visitantes. Conexión alambrica via USB. Códigos soportados: CPC Binary, Codabar, Code 11, Code 128, Code 128A, Code 128B, Code 128C, Code 25 (IR 2 of 5), Code 25 (non-IR 2 of 5), Code 32, Code 39, Code 93, DUN 14, EAN 2, EAN 5, EAN-13, EAN-8, Facing Identification Mark, GS1-128 (UCC/EAN-128), HIBC, ITF-14, Intelligent Mail, JAN, Latent image, MSI, PLANET, POSTNET, Pharmacode, Plessey, PostBar, RM4SCC / KIX, S-Code, Telepen, Trioptic, U.P.C. | F15: Mes | G15: 1 | H15: 50000 | I15: 174037 | J15: 87500 | K15: 66937 | N15: ='EstudioMercado 2021'!K12 -> 348977 | O15: =SeguridadScanner!C11 -> 209386 | T15: =IFERROR(IF(X15>(0.15),ROUND(MEDIAN(H15:S15),0),ROUND(AVERAGE(H15:S15),0)),"") -> 130769 | U15: =IFERROR(T15*G15,"") -> 130769 | V15: FDLB-SIP-C-007-2022 | W15: =IFERROR(STDEV(H15:S15),"") -> 113380.66 | X15: =IFERROR(W15/AVERAGE(H15:S15),"") -> 0.72614977 | Z15: =COUNTIF(H15:S15,">0") -> 6 | AA15: =1-(MIN(H15:S15)/T15) -> 0.61764638
B16: 12 | C16: Impresora Stickers | D16: Maquina impresora de stickers que permita identificar los visitantes que ingresan con datos mínimos como: nombre completo, tipo de documento, numero de documento, fotografía, hora de ingreso, oficina a la cual se dirige y persona que autorizo el ingreso El proponente adjudicatario deberá garantizar los insumos necesarios para el adecuado funcionamiento (Stickers adhesivos, tinta y mantenimiento) durante toda la ejecución del contrato. - Mes de servicio | E16: Debe permitir identificar a los visitantes datos como nombre completo, tipo de documento,número de documento, fotografía, hora de ingreso, oficina a la cual se dirige,y quien autoriza. El elemento debe tener tecnología térmica de impresión que debe soportar sistema operativo Windows 7, 8, 10 con conexion alámbrica tipo USB.El proponente adjudicatario deberá garantizar los insumos necesarios para el adecuado funcionamiento (Stickers adhesivos, tinta y mantenimiento) durante toda la ejecución del contrato. | F16: Mes | G16: 1 | H16: 50000 | I16: 154700 | J16: 40000 | K16: 86275 | N16: ='EstudioMercado 2021'!K14 -> 128328 | O16: =SeguridadScanner!C13 -> 76996 | T16: =IFERROR(IF(X16>(0.15),ROUND(MEDIAN(H16:S16),0),ROUND(AVERAGE(H16:S16),0)),"") -> 81636 | U16: =IFERROR(T16*G16,"") -> 81636 | V16: FDLB-SIP-C-007-2022 | W16: =IFERROR(STDEV(H16:S16),"") -> 44577.623 | X16: =IFERROR(W16/AVERAGE(H16:S16),"") -> 0.49872503 | Z16: =COUNTIF(H16:S16,">0") -> 6 | AA16: =1-(MIN(H16:S16)/T16) -> 0.51002009
B17: 13 | C17: Arco Ingreso | D17: Arco para el control de ingreso - Mes de servicio | E17: Arco - de Paso que provee detección superior de objetivos con discriminación desasociada de artículos inofensivos como monedas, joyería, llaves, cajas de cigarros y tacones de zapatos. con detección puntual 33 zonas, seguridad y confiabilidad con programas preestablecidos para cubrir la mas amplia gama de aplicaciones de seguridad, mes de servicio | F17: Mes | G17: 1 | N17: ='EstudioMercado 2021'!K15 -> 1348676 | O17: =SeguridadScanner!C14 -> 809206 | T17: =IFERROR(IF(X17>(0.15),ROUND(MEDIAN(H17:S17),0),ROUND(AVERAGE(H17:S17),0)),"") -> 1078941 | U17: =IFERROR(T17*G17,"") -> 1078941 | V17: FDLB-SIP-C-007-2023 | W17: =IFERROR(STDEV(H17:S17),"") -> 381462.9 | X17: =IFERROR(W17/AVERAGE(H17:S17),"") -> 0.35355306 | Z17: =COUNTIF(H17:S17,">0") -> 2 | AA17: =1-(MIN(H17:S17)/T17) -> 0.24999977
B18: 14 | C18: Sistema de Monitoreo | D18: Sistema de monitoreo con alarma las 24 horas del dia, los 7 dias de la semana. - Mes de servicio | E18: Se requieren unicamente medios tecnológicos y monitoreo de alarma los 7 dias de la semana 24 horas, sin perjuicio de lo anterior, este inmueble puede ser modificado según los intereses de la Entidad | F18: Mes | G18: 1 | N18: ='EstudioMercado 2021'!K16 -> 971003 | O18: =SeguridadScanner!C15 -> 582602 | T18: =IFERROR(IF(X18>(0.15),ROUND(MEDIAN(H18:S18),0),ROUND(AVERAGE(H18:S18),0)),"") -> 776803 | U18: =IFERROR(T18*G18,"") -> 776803 | V18: FDLB-SIP-C-007-2024 | W18: =IFERROR(STDEV(H18:S18),"") -> 274640.98 | X18: =IFERROR(W18/AVERAGE(H18:S18),"") -> 0.35355316 | Z18: =COUNTIF(H18:S18,">0") -> 2 | AA18: =1-(MIN(H18:S18)/T18) -> 0.25000032
B19: 15 | C19: Radio de comunicación | D19: Radio que permita tener comunicación entre los puestos, la central y la supervision del contrato (con bateria y cargador) - Mes de servicio | E19: Radioteléfono digital portátil con identificación única de 11 dígitos, Con tecnología FHSS con 7 zonas de 50 frecuencias que no se repiten para un total de 350 frecuencias disponibles que mejore la seguridad y privacidad de las comunicaciones, (con bateria y cargador). Mes de servicio | F19: Mes | G19: 1 | N19: ='EstudioMercado 2021'!K17 -> 87790 | O19: =SeguridadScanner!C16 -> 52674 | T19: =IFERROR(IF(X19>(0.15),ROUND(MEDIAN(H19:S19),0),ROUND(AVERAGE(H19:S19),0)),"") -> 70232 | U19: =IFERROR(T19*G19,"") -> 70232 | V19: FDLB-SIP-C-007-2025 | W19: =IFERROR(STDEV(H19:S19),"") -> 24830.762 | X19: =IFERROR(W19/AVERAGE(H19:S19),"") -> 0.35355339 | Z19: =COUNTIF(H19:S19,">0") -> 2 | AA19: =1-(MIN(H19:S19)/T19) -> 0.25
G20: Unitario | H20: =SUM(H5:H19) -> 540000 | I20: =SUM(I5:I19) -> 2602629 | J20: =SUM(J5:J19) -> 910000 | K20: =SUM(K5:K19) -> 880161 | L20: =SUM(L5:L19) -> 0 | M20: =SUM(M5:M19) -> 13924578 | N20: =SUM(N5:N19) -> 5543742 | O20: =SUM(O5:O19) -> 3326244 | ... U20: =SUM(U5:U19) -> 17248677

Sheet TalentoHumano_2022
B2: PASOS REALIZADOS PARA LA PROYECCIÓN DE TALENTO HUMANO
B4: 1. De acuerdo con la circular se determina el valor del mes de servicio de medio sin arma 30 días - 24 horas, de la siguiente forma:
B14: Los valores proporcionados no incluyen IVA, por lo que se procede a la aplicación correspondiente del IVA al 10% del valor del servicio, de acuerdo a directriz de la supervigilancia.
C16: Servicio | D16: Valor antes de IVA | E16: Valor incluido IVA
C17: Servicio humano sin arma las 24 horas del día de Lunes a Domingo) - Mes de servicio | D17: 9504000 | E17: =D17+((D17*10%)*19%) -> 9684576
B21: No. | C21: Servicio | D21: Valor | E21: 0.08 | F21: Total Sin IVA | G21: 0.1 | H21: 0.19 | I21: Total con IVA
B22: 1 | C22: Servicio humano sin arma las 24 horas del día de Lunes a Domingo) | D22: 8800000 | E22: =D22*$E$21 -> 704000 | F22: =D22+E22 -> 9504000 | G22: =F22*$G$21 -> 950400 | H22: =G22*$H$21 -> 180576 | I22: =F22+H22 -> 9684576
B23: 2 | C23: Servicio humano sin arma (8 horas diarias de lunes a viernes sin festivos) | D23: 1751239 | E23: =D23*$E$21 -> 140099.12 | F23: =D23+E23 -> 1891338.1 | G23: =F23*$G$21 -> 189133.81 | H23: =G23*$H$21 -> 35935.424 | I23: =F23+H23 -> 1927273.5
B24: 3 | C24: Servicio humano sin arma (8 horas diarias de lunes a sábado sin festivos) | D24: 2101487 | E24: =D24*$E$21 -> 168118.96 | F24: =D24+E24 -> 2269606 | G24: =F24*$G$21 -> 226960.6 | H24: =G24*$H$21 -> 43122.513 | I24: =F24+H24 -> 2312728.5
C26: Fuente: CIRCULAR Nº 20211300000225, SuperVigilancia

Sheet EstudioMercado 2021
B3: RESUMEN COTIZACIONES DE PRECIOS - Matriz de Calculo - Proceso FDLB-SIP-033-2021
K4: 6.94
B5: ITEM | C5: PRODUCTO O SERVICIO | D5: ESPECIFICACION TECNICA | E5: DESCRIPCION TECNICA | F5: UNIDAD DE MEDIDA A COTIZAR | G5: CANTIDAD A COTIZAR | H5: VALOR UNITARIO PROMEDIO O MEDIANA (INCLUIDO IVA SI APLICA) | I5: VALOR PROMEDIO O MEDIANA TOTAL (INCLUIDO IVA SI APLICA) | J5: Valor MES | K5: Proyección Con IPC Enero 2022 | L5: FUENTE DE CONSULTA | M5: DESVIACIÓN ESTÁNDAR | N5: SI DESVEST ES >15% SE PROMEDIA CON MEDIANA | O5: Tecnica Utilizada
B6: 1 | C6: Monitor LCD de mínimo 24" | D6: Monitor LCD de mínimo 24" | E6: Tiempo 6 Meses | F6: Un | G6: 1 | H6: 845497 | I6: 845497 | J6: =H6/6 -> 140916.17 | K6: =INT(J6*(1+($K$4/100))) -> 150695 | L6: Proceso FDLB-SIP-033-2021 - Estudio de Mercado 2020 FDLB (Proyección con IPC e incremento SMLV 2021) - Seguridad Trebol (Proyección con IPC e incremento SMLV 2021) | M6: 1195641.1 | N6: 0.77661903 | O6: Mediana
B7: 2 | C7: Computador con monitor LCD | D7: Computador con monitor LCD | E7: Tiempo 6 Meses | F7: Un | G7: 1 | H7: 5720459 | I7: 5720459 | J7: =H7/6 -> 953409.83 | K7: =INT(J7*(1+($K$4/100))) -> 1019576 | L7: Proceso FDLB-SIP-033-2021 - Estudio de Mercado 2020 FDLB (Proyección con IPC e incremento SMLV 2021) - Seguridad Trebol (Proyección con IPC e incremento SMLV 2021) | M7: 2756247.7 | N7: 0.43877428 | O7: Mediana
B8: 3 | C8: Cámara infrarroja | D8: Cámara infrarroja de alta resolución para exteriores | E8: Tiempo 6 Meses | F8: Un | G8: 2 | H8: 685227 | I8: 1370454 | J8: =H8/6 -> 114204.5 | K8: =INT(J8*(1+($K$4/100))) -> 122130 | L8: Proceso FDLB-SIP-033-2021 - Estudio de Mercado 2020 FDLB (Proyección con IPC e incremento SMLV 2021) - Seguridad Trebol (Proyección con IPC e incremento SMLV 2021) | M8: 492105.51 | N8: 0.50933298 | O8: Mediana
B9: 4 | C9: Cámara infrarroja de alta resolución para interior | D9: Cámara infrarroja de alta resolución para interior | E9: Tiempo 6 Meses | F9: Un | G9: 14 | H9: 1519689 | I9: 21275646 | J9: =H9/6 -> 253281.5 | K9: =INT(J9*(1+($K$4/100))) -> 270859 | L9: Proceso FDLB-SIP-033-2021 - Estudio de Mercado 2020 FDLB (Proyección con IPC e incremento SMLV 2021) - Seguridad Trebol (Proyección con IPC e incremento SMLV 2021) | M9: 3876654.5 | N9: 1.1799029 | O9: Mediana
B10: 5 | C10: Videograbado digital, grabación digital permanente backup mínimo de 30 días y recuperación de novedades en formato de fácil visualización. | D10: Videograbado digital, grabación digital permanente backup mínimo de 30 días y recuperación de novedades en formato de fácil visualización. | E10: Tiempo 6 Meses | F10: Un | G10: 1 | H10: 2835612 | I10: 2835612 | J10: =H10/6 -> 472602 | K10: =INT(J10*(1+($K$4/100))) -> 505400 | L10: Proceso FDLB-SIP-033-2021 - Estudio de Mercado 2020 FDLB (Proyección con IPC e incremento SMLV 2021) - Seguridad Trebol (Proyección con IPC e incremento SMLV 2021) | M10: 851142.98 | N10: 0.31298918 | O10: Mediana
B11: 6 | C11: Software de control de visitantes con biométrico; el cual sea compatible con Windows 7, vista, Xp y versiones posteriores y base de datos SQL. | D11: Software de control de visitantes con biométrico; el cual sea compatible con Windows 7, vista, Xp y versiones posteriores y base de datos SQL. - Que permita registrar en la base de datos el nombre completo, fecha y hora del visitante (una vez se valide la huella digital) - Que permita realizar informes y reportes estadísticos de la cantidad de visitantes, hora de ingreso, hora de salida. Y demás informes y reportes que requiera el FDLB | E11: Tiempo 6 Meses | F11: Un | G11: 1 | H11: 3000000 | I11: 3000000 | J11: =H11/6 -> 500000 | K11: =INT(J11*(1+($K$4/100))) -> 534700 | L11: Proceso FDLB-SIP-033-2021 - Estudio de Mercado 2020 FDLB (Proyección con IPC e incremento SMLV 2021) - Seguridad Trebol (Proyección con IPC e incremento SMLV 2021) | M11: 1552108.8 | N11: 0.43949089 | O11: Mediana
B12: 7 | C12: Lector de código de las cedulas de ciudadanía. | D12: Lector de código de las cedulas de ciudadanía, que permita registrar en la base de datos automaticamente los datos de los visitantes. | E12: Tiempo 6 Meses | F12: Un | G12: 1 | H12: 1957981 | I12: 1957981 | J12: =H12/6 -> 326330.17 | K12: =INT(J12*(1+($K$4/100))) -> 348977 | L12: Proceso FDLB-SIP-033-2021 - Estudio de Mercado 2020 FDLB (Proyección con IPC e incremento SMLV 2021) - Seguridad Trebol (Proyección con IPC e incremento SMLV 2021) | M12: 1357306 | N12: 0.64077746 | O12: Mediana
B13: 8 | C13: Camara de alta resolucion que permita tener el registro fotografico de los visitantes | D13: Camara de alta resolucion que permita tener el registro fotografico de los visitantes; el cual debe ser compatible con el software de control de visitantes, con el fin de que quede en el registro | E13: Tiempo 6 Meses | F13: Un | G13: 2 | H13: 312000 | I13: 624000 | J13: =H13/6 -> 52000 | K13: =INT(J13*(1+($K$4/100))) -> 55608 | L13: Proceso FDLB-SIP-033-2021 - Estudio de Mercado 2020 FDLB (Proyección con IPC e incremento SMLV 2021) - Seguridad Trebol (Proyección con IPC e incremento SMLV 2021) | M13: 192461.39 | N13: 0.56724978 | O13: Mediana
B14: 9 | C14: Maquina impresora de stickers que permita identificar los visitantes que ingresan con datos minimos | D14: Maquina impresora de stickers que permita identificar los visitantes que ingresan con datos minimos como: nombre completo, tipo de documento, numero de documento, fotografia, hora de ingreso, oficina a la cual se dirige y persona que autorizo el ingreso. El proponente adjudicatario debera garantizar los insumos necesarios para el adecuado funcionamiento (Stickers adesivos, tinta y mantenimiento) durante toda la ejecucion del contrato | E14: Tiempo 6 Meses | F14: Un | G14: 2 | H14: 720000 | I14: 1440000 | J14: =H14/6 -> 120000 | K14: =INT(J14*(1+($K$4/100))) -> 128328 | L14: Proceso FDLB-SIP-033-2021 - Estudio de Mercado 2020 FDLB (Proyección con IPC e incremento SMLV 2021) - Seguridad Trebol (Proyección con IPC e incremento SMLV 2021) | M14: 292957.62 | N14: 0.41417049 | O14: Mediana
B15: 10 | C15: Arco para el control de ingreso | D15: Tipo arco para el control de ingreso, de 1.30 metros de ancho X 2.20 metros de alto | E15: Tiempo 6 Meses | F15: Un | G15: 2 | H15: 7566916 | I15: 15133832 | J15: =H15/6 -> 1261152.7 | K15: =INT(J15*(1+($K$4/100))) -> 1348676 | L15: Proceso FDLB-SIP-033-2021 - Estudio de Mercado 2020 FDLB (Proyección con IPC e incremento SMLV 2021) - Seguridad Trebol (Proyección con IPC e incremento SMLV 2021) | M15: 4930032.4 | N15: 0.58377976 | O15: Mediana
B16: 11 | C16: Sistema de monitoreo con alarma las 24 horas del dia, los 7 dias de la semana. | D16: Sistema de monitoreo con alarma las 24 horas del dia, los 7 dias de la semana. El proponente adjudicatario debera tener en cuenta todo lo necesario (Cableado, sensores, alarma, etc) para garantizar el sistema de monitoreo en la bodega arrendada por el FDLB durante el plazo del contrato. Asi mismo, debera contemplar todos los costos en los que deba incurrir por la reubicacion del sistema "si se llegase cambiar de bodega" | E16: Tiempo 6 Meses | F16: Un | G16: 1 | H16: 5447936 | I16: 5447936 | J16: =H16/6 -> 907989.33 | K16: =INT(J16*(1+($K$4/100))) -> 971003 | L16: Proceso FDLB-SIP-033-2021 - Estudio de Mercado 2020 FDLB (Proyección con IPC e incremento SMLV 2021) - Seguridad Trebol (Proyección con IPC e incremento SMLV 2021) | M16: 5286413.9 | N16: 0.8022124 | O16: Mediana
B17: 12 | C17: Radio que permita tener comunicación entre los puestos, la central y la supervision del contrato (con bateria y cargador) | D17: Radio que permita tener comunicación entre los puestos, la central y la supervision del contrato (con bateria y cargador) | E17: Tiempo 6 Meses | F17: Un | G17: 4 | H17: 492557 | I17: 1970228 | J17: =H17/6 -> 82092.833 | K17: =INT(J17*(1+($K$4/100))) -> 87790 | L17: Proceso FDLB-SIP-033-2021 - Estudio de Mercado 2020 FDLB (Proyección con IPC e incremento SMLV 2021) - Seguridad Trebol (Proyección con IPC e incremento SMLV 2021) | M17: 2371493.4 | N17: 1.4601442 | O17: Mediana
B18: 13 | C18: Radio que permita tener comunicación entre los puestos, la central y la supervision del contrato (con bateria y cargador) | D18: Radio que permita tener comunicación entre los puestos, la central y la supervision del contrato (con bateria y cargador) | E18: Tiempo 6 Meses | F18: Un | G18: 2 | H18: 492557 | I18: 985114 | J18: =H18/6 -> 82092.833 | K18: =INT(J18*(1+($K$4/100))) -> 87790 | L18: Proceso FDLB-SIP-033-2021 - Estudio de Mercado 2020 FDLB (Proyección con IPC e incremento SMLV 2021) - Seguridad Trebol (Proyección con IPC e incremento SMLV 2021) | M18: 2371493.4 | N18: 1.4601442 | O18: Mediana
B19: 14 | C19: Servicio humano sin arma las 24 horas del dia de Lunes a Domingo) | D19: Servicio humano sin arma las 24 horas del dia de Lunes a Domingo) | E19: Tiempo 6 Meses | F19: Un | G19: 1 | H19: 52792136 | I19: 52792136 | J19: =H19/6 -> 8798689.3 | K19: =INT(J19*(1+($K$4/100))) -> 9409318 | L19: Proceso FDLB-SIP-033-2021 - Estudio de Mercado 2020 FDLB (Proyección con IPC e incremento SMLV 2021) - Seguridad Trebol (Proyección con IPC e incremento SMLV 2021)
B20: 15 | C20: Servicio humano sin arma las 24 horas del dia de Lunes a Domingo) | D20: Servicio humano sin arma las 24 horas del dia de Lunes a Domingo) | E20: Tiempo 6 Meses | F20: Un | G20: 1 | H20: 52792136 | I20: 52792136 | J20: =H20/6 -> 8798689.3 | K20: =INT(J20*(1+($K$4/100))) -> 9409318 | L20: Proceso FDLB-SIP-033-2021 - Estudio de Mercado 2020 FDLB (Proyección con IPC e incremento SMLV 2021) - Seguridad Trebol (Proyección con IPC e incremento SMLV 2021)
B21: 16 | C21: Servicio humano sin arma (8 horas diarias de lunes a sabado sin festivos) | D21: Servicio humano sin arma (8 horas diarias de lunes a sabado sin festivos) | E21: Tiempo 6 Meses | F21: Un | G21: 1 | H21: 12607044 | I21: 12607044 | J21: =H21/6 -> 2101174 | K21: =INT(J21*(1+($K$4/100))) -> 2246995 | L21: Proceso FDLB-SIP-033-2021 - Estudio de Mercado 2020 FDLB (Proyección con IPC e incremento SMLV 2021) - Seguridad Trebol (Proyección con IPC e incremento SMLV 2021)
B22: 17 | C22: Servicio humano sin arma (8 horas diarias de lunes a sabado sin festivos) | D22: Servicio humano sin arma (8 horas diarias de lunes a sabado sin festivos) | E22: Tiempo 6 Meses | F22: Un | G22: 1 | H22: 12607044 | I22: 12607044 | J22: =H22/6 -> 2101174 | K22: =INT(J22*(1+($K$4/100))) -> 2246995 | L22: Proceso FDLB-SIP-033-2021 - Estudio de Mercado 2020 FDLB (Proyección con IPC e incremento SMLV 2021) - Seguridad Trebol (Proyección con IPC e incremento SMLV 2021)
B23: 18 | C23: Servicio humano sin arma (8 horas diarias de lunes a sabado sin festivos) | D23: Servicio humano sin arma (8 horas diarias de lunes a sabado sin festivos) | E23: Tiempo 6 Meses | F23: Un | G23: 1 | H23: 12607044 | I23: 12607044 | J23: =H23/6 -> 2101174 | K23: =INT(J23*(1+($K$4/100))) -> 2246995 | L23: Proceso FDLB-SIP-033-2021 - Estudio de Mercado 2020 FDLB (Proyección con IPC e incremento SMLV 2021) - Seguridad Trebol (Proyección con IPC e incremento SMLV 2021)
H24: 175001835 | I24: 206012163
I28: Elaborado por: | L28: Nelson Javier Arguellez Palacios
L29: Profesional Planeación
L30: Nelson.Arguellez@GobiernoBogota.Gov.Co
L31: Soportes Estudio de Mercado - https://bit.ly/3ey5pvX

Sheet SeguridadScanner
A1: Seguridad Scanner - Contrato 322-2021 CPS (59820)
A3: Elemento | B3: 09 - SEGURIDAD SCANNER LTDA
B4: Valor Unitario Mensual | C4: Valor Unitario Mensual + IPC Enero 2021 (6,94)
A5: Monitor LCD de mínimo 24" | B5: 84550 | C5: =INT(B5*(1+('EstudioMercado 2021'!$K$4/100))) -> 90417
A6: Computador con monitor LCD | B6: 572046 | C6: =INT(B6*(1+('EstudioMercado 2021'!$K$4/100))) -> 611745
A7: Cámara infrarroja | B7: 68523 | C7: =INT(B7*(1+('EstudioMercado 2021'!$K$4/100))) -> 73278
A8: Cámara infrarroja de alta resolución para interior | B8: 151969 | C8: =INT(B8*(1+('EstudioMercado 2021'!$K$4/100))) -> 162515
A9: Videograbado digital, grabación digital permanente backup mínimo de 30 días y recuperación de novedades en formato de fácil visualización. | B9: 283561 | C9: =INT(B9*(1+('EstudioMercado 2021'!$K$4/100))) -> 303240
A10: Software de control de visitantes con biométrico; el cual sea compatible con Windows 7, vista, Xp y versiones posteriores y base de datos SQL. | B10: 300000 | C10: =INT(B10*(1+('EstudioMercado 2021'!$K$4/100))) -> 320820
A11: Lector de código de las cedulas de ciudadanía. | B11: 195798 | C11: =INT(B11*(1+('EstudioMercado 2021'!$K$4/100))) -> 209386
A12: Cámara de alta resolución que permita tener el registro fotográfico de los visitantes | B12: 31200 | C12: =INT(B12*(1+('EstudioMercado 2021'!$K$4/100))) -> 33365
A13: Maquina impresora de stickers que permita identificar los visitantes que ingresan con datos mínimos | B13: 72000 | C13: =INT(B13*(1+('EstudioMercado 2021'!$K$4/100))) -> 76996
A14: Arco para el control de ingreso | B14: 756692 | C14: =INT(B14*(1+('EstudioMercado 2021'!$K$4/100))) -> 809206
A15: Sistema de monitoreo con alarma las 24 horas del día, los 7 días de la semana. | B15: 544794 | C15: =INT(B15*(1+('EstudioMercado 2021'!$K$4/100))) -> 582602
A16: Radio que permita tener comunicación entre los puestos, la central y la supervisión del contrato (con batería y cargador) | B16: 49256 | C16: =INT(B16*(1+('EstudioMercado 2021'!$K$4/100))) -> 52674
... A18: Servicio humano sin arma (8 horas diarias de lunes a sábado sin festivos) | B18: 2101174 | C18: =INT(B18*(1+('EstudioMercado 2021'!$K$4/100))) -> 2246995
